 Dungeon Crawl Stone Soup version 0.18-a0-1773-gec4f98e (webtiles) character file.

1661033 nightshiftgray the Invulnerable (level 27, 0/281 HPs)
             Began as a Minotaur Fighter on Apr 15, 2016.
             Was the Champion of the Shining One.
             Killed by divine providence
             ... invoked by a mummy priest
              (9 damage)
             ... on level 20 of a ziggurat.
             The game lasted 09:24:55 (119621 turns).

nightshiftgray the Invulnerable (MiFi)            Turns: 119621, Time: 09:24:55

Health: 0/281      AC: 41    Str: 30 (33) XL:     27
Magic:  50/50      EV: 34    Int: 15 (16) God:    the Shining One [******]
Gold:   16697      SH: 58    Dex: 22 (25) Spells: 12 memorised, 14 levels left

rFire  + + .     SeeInvis .     o - +8 mithril axe "Arga" {speed, MR+ Str+2}
rCold  + + +     Gourm    .     j - +10 pearl dragon armour
rNeg   + + +     Faith    .     F - +7 large shield of Onixeant {*Drain MR+ MP+9 Int+4}
rPois  +         Spirit   .     V - -2 hat of the Alchemist {rElec rPois rF+ rC+ rN+ MR+ rMut rCorr}
rElec  +         Dismiss  .     a - +0 cloak of Jajeqyes {rF+ rC+ Regen+}
rCorr  +         Reflect  +     b - +2 pair of gloves {Str+3}
rMut   +         Harm     .     E - +2 pair of boots {run}
SustAt +                        r - amulet of the Cast Vote {Reflect Int+4 Dex+3 SH+6}
MR     +++++                    J - ring "Jajyrre" {SustAt Dex+4 Slay+3 Stlth+}
Stlth  ..........               Y - +5 ring of slaying

@: mighty, divine shield, sluggish, silence (expiring), shrouded, very slightly
contaminated, hasted, glowing, deflect missiles, quick, almost entirely
resistant to hostile enchantments, extremely unstealthy
A: retaliatory headbutt, horns 2, rugged brown scales 1, cold resistance 1,
sense surroundings 1, subdued magic 1
a: Renounce Religion
}: 15/15 runes: decaying, serpentine, slimy, silver, golden, iron, obsidian,
icy, bone, abyssal, demonic, glowing, magical, fiery, dark


You were on level 20 of a ziggurat.
You worshipped the Shining One.
The Shining One was exalted by your worship.
You were not hungry.

You visited 18 branches of the dungeon, and saw 93 of its levels.
You visited Pandemonium 4 times, and saw 46 of its levels.
You visited the Abyss 2 times.
You visited 3 ziggurats (completing 1), and saw 69 of their levels.
You also visited: Sewer and Volcano.

You collected 21393 gold pieces.
You spent 4696 gold pieces at shops.

Inventory:

Hand Weapons
 o - the +8 mithril axe "Arga" (weapon) {speed, MR+ Str+2}
   (Okawaru gifted it to you on level 1 of the Pits of Slime)

   Attacks with this weapon are significantly faster.
   It affects your strength (+2).
   It affects your resistance to hostile enchantments.
 q - the +10 lance "Wyrmbane" {slay drac, +Rage rPois rF+ AC+5}
   (You found it on level 24 of a ziggurat)

   It affects your AC (+5).
   It protects you from fire.
   It protects you from poison.
   It lets you go berserk.
 x - the +6 arbalest "Damnation" {damnation, rF++ rC- MR+}
   (You found it on level 19 of a ziggurat)

   It greatly protects you from fire.
   It makes you vulnerable to cold.
   It affects your resistance to hostile enchantments.
   The Shining One disapproves of the use of such an item.
Armour
 a - the +0 cloak of Jajeqyes (worn) {rF+ rC+ Regen+}
   (You found it on level 19 of a ziggurat)

   It protects you from fire.
   It protects you from cold.
   It increases your rate of regeneration.
 b - a +2 pair of gloves of strength (worn)
 j - a +10 pearl dragon armour (worn)
 B - the +4 cloak of Hiack {*Drain rC+ rN+ Dex+5}
   (You found it on level 15 of a ziggurat)

   It affects your dexterity (+5).
   It protects you from cold.
   It protects you from negative energy.
   It causes draining when unequipped.
 E - a +2 pair of boots of running (worn)
 F - the +7 large shield of Onixeant (worn) {*Drain MR+ MP+9 Int+4}
   (You took it off a daeva in Pandemonium)

   It affects your intelligence (+4).
   It affects your resistance to hostile enchantments.
   It affects your magic capacity (+9).
   It causes draining when unequipped.
 V - the -2 hat of the Alchemist (worn) {rElec rPois rF+ rC+ rN+ MR+ rMut rCorr}
   (Okawaru gifted it to you on level 7 of the Lair of Beasts)

   It protects you from fire.
   It protects you from cold.
   It insulates you from electricity.
   It protects you from poison.
   It protects you from negative energy.
   It affects your resistance to hostile enchantments.
   It protects you from acid and corrosion.
   It protects you from mutation.
 X - the +2 hat of the Bear Spirit {Spirit, +Rage rN+ MR++}
   (You found it on level 19 of a ziggurat)

   It protects you from negative energy.
   It affects your resistance to hostile enchantments.
   It lets you go berserk.
Jewellery
 e - the amulet of the Hundredfold Demons {Regen+ Int+4 Slay+3}
   (You took it off a vampire mage on level 7 of Tartarus)

   [amulet of regeneration]

   It affects your intelligence (+4).
   It affects your accuracy and damage with ranged weapons and melee attacks
   (+3).
   It increases your rate of regeneration.
 r - the amulet of the Cast Vote (around neck) {Reflect Int+4 Dex+3 SH+6}
   (You found it on level 17 of a ziggurat)

   [amulet of reflection]

   It shields you and reflects attacks.
   It affects your intelligence (+4).
   It affects your dexterity (+3).
   It affects your SH (+6).
 H - the ring of Efruseos {Wiz rC+ MP+9 Int+8}
   (You found it on level 17 of a ziggurat)

   [ring of wizardry]

   It improves your spell success rate.
   It affects your intelligence (+8).
   It protects you from cold.
   It affects your magic capacity (+9).
 J - the ring "Jajyrre" (right hand) {SustAt Dex+4 Slay+3 Stlth+}
   (You found it on level 16 of a ziggurat)

   [ring of sustain attributes]

   It sustains your strength, intelligence and dexterity.
   It affects your dexterity (+4).
   It affects your accuracy and damage with ranged weapons and melee attacks
   (+3).
   It makes you more stealthy.
 P - the amulet of the Four Winds {rN+ MR+++ Clar}
   (You found it on level 16 of a ziggurat)

   [amulet of nothing]

   It protects you from negative energy.
   It affects your resistance to hostile enchantments.
   It protects you against confusion.
 Y - a +5 ring of slaying (left hand)
Wands
 v - a wand of hasting (6/9)
 G - a wand of digging (14/24)
 Q - a wand of teleportation (5/9)
 R - a wand of heal wounds (0/9)
Scrolls
 k - 4 scrolls of blinking
 n - 11 scrolls of silence
 w - 25 scrolls of recharging
 y - 15 scrolls of fear
 C - 68 scrolls of remove curse
 D - 45 scrolls of teleportation
 L - 2 scrolls of brand weapon
 N - 41 scrolls of fog
 O - 18 scrolls of magic mapping
 W - 4 scrolls of holy word
Potions
 c - 6 potions of resistance
 i - 12 potions of brilliance
 l - 6 potions of berserk rage
 p - 43 potions of curing
 z - 8 potions of flight
 I - 13 potions of agility
 K - 7 potions of haste
 M - 3 potions of cancellation
 S - 27 potions of cure mutation
 U - 4 potions of might
Miscellaneous
 d - a legendary deck of changes {the Alchemist, drawn: 2}
 g - a legendary deck of war {the Crusade, drawn: 2}
 m - a legendary deck of defence {the Potion, drawn: 3}
 s - a legendary deck of changes {Fortitude, drawn: 4}
 t - a legendary deck of wonders {the Mercenary, drawn: 3}
 u - a disc of storms
 A - a legendary deck of summoning {the Dance, drawn: 4}
 T - a legendary deck of war {Fortitude, drawn: 2}
 Z - a crystal ball of energy
Comestibles
 f - 30 bread rations
 h - 27 meat rations


   Skills:
 O Level 27 Fighting
 O Level 27 Axes
 O Level 27 Polearms
 O Level 27 Armour
 O Level 27 Dodging
 O Level 27 Shields
 - Level 6.6 Unarmed Combat
 - Level 15.3 Spellcasting
 - Level 8.9 Hexes
 - Level 14.4 Charms
 - Level 12.7 Summonings
   Level 7.2 Necromancy
 O Level 27 Translocations
 * Level 22.8 Air Magic
 O Level 27 Invocations
 O Level 27 Evocations


You had 14 spell levels left.
You knew the following spells:

 Your Spells              Type           Power        Failure   Level  Hunger
a - Aura of Abjuration    Summ           #####.....   1%          5    ####...
b - Deflect Missiles      Chrm/Air       ######....   1%          6    ######.
d - Shroud of Golubria    Chrm/Tloc      ######....   0%          2    None
e - Song of Slaying       Chrm           #####...     1%          2    None
f - Spectral Weapon       Hex/Chrm       #####...     1%          3    None
g - Swiftness             Chrm/Air       ######..     0%          2    None
h - Summon Butterflies    Summ           #####...     1%          1    None
i - Blink                 Tloc           N/A          0%          2    None
j - Apportation           Tloc           ######....   0%          1    None
l - Airstrike             Air            ######....   0%          4    #......
m - Controlled Blink      Tloc           N/A          1%          8    #######
n - Haste                 Chrm           #####...     2%          6    ######.


Dungeon Overview and Level Annotations

Branches:
Dungeon (15/15)            Temple (1/1) D:5            Lair (8/8) D:11
  Swamp (4/4) Lair:4        Snake (4/4) Lair:3        Slime (6/6) Lair:8
    Orc (2/2) D:12            Elf (3/3) Orc:2        Vaults (5/5) D:14
  Crypt (3/3) Vaults:2       Tomb (3/3) Crypt:3      Depths (5/5) D:15
   Hell (1/1)                 Dis (7/7) Hell            Geh (7/7) Hell
    Coc (7/7) Hell            Tar (7/7) Hell            Zot (5/5) Depths:5

Altars:
Ashenzari
Cheibriados
Dithmenos
Elyvilon
Fedhas
Gozag
Kikubaaqudgha
Makhleb
Nemelex Xobeh
Okawaru
Pakellas
Qazlal
Ru
Sif Muna
Trog
Vehumet
Xom
Yredelemnul
Zin
The Shining One
Beogh
Jiyva

Shops:
D:4 [   D:8 (   D:12 (   D:14 :   Orc:2 =(*[(   Elf:3 (   Vaults:1 *
Vaults:3 !   Depths:1 ?   Depths:2 ***   Depths:5 *

Portals:
Hell: Lair:8 Depths:1 Depths:2 Depths:3 Depths:4 Depths:5
Abyss: Depths:4
Pandemonium: Depths:3

Annotations:
D:14 exclusion: 4 oklob plants
Lair:3 exclusion: oklob plant
Lair:6 exclusion: 2 oklob plants


Innate Abilities, Weirdness & Mutations

You reflexively headbutt those who attack you in melee.
You have a pair of horns on your head.
You are partially covered in rugged brown scales (AC +1, +3% HP).
Your flesh is cold resistant.
You passively map a small area around you.
Your spells are a little easier to cast, but a little less powerful.


Message History

Drink which item? (? for menu, Esc to quit)
You feel better.
The greater mummy points at you and mumbles some strange words.
Something smites you!
* * * LOW HITPOINT WARNING * * *
You block the greater mummy's attack. x2
You block the freezing wraith's attack.
The freezing wraith completely misses you.
Unknown command.
Unknown command.
Drink which item? (? for menu, Esc to quit)
You feel better. You block the shadow wraith's attack.
The anubis guard howls a warning cry!
You block the greater mummy's attack. x2
The greater mummy calls on the powers of darkness!
Your body is wracked with pain!
* * * LOW HITPOINT WARNING * * *
The mummy priest mumbles some strange prayers to its god against you.
Something smites you!
You die...

▓▓▓▓▓▓▓▓▓▓ ▓▓......... ,
▓▓.............▓▓
▓▓...............▓▓
▓▓=................▓▓
▓▓=}48MZ.............▓▓
▓▓$))ZMZMM.............▓
▓)}$ZMMWMM3.............
∩)(MMMW@MMMZ............
,>)?44MMHMMM4............
∩|!)MMMMWZZ.............
▓!?$3Z8WZM4.............
▓▓$??.WMZZ.............▓
▓▓!?..Z..............▓▓
▓▓.................▓▓
▓▓...............▓▓
▓▓.............▓▓


You could see 3 greater mummies, 3 mummy priests, a sun demon, a shadow wraith
(invisible), an orange demon, an anubis guard, a hellwing, 2 guardian mummies, 2
ushabtiu, an ice devil, a rust devil, 2 freezing wraiths, a spectral elf, a
sixfirhy, a smoke demon, 2 hungry ghosts, 17 mummies, a shadow dragon
simulacrum, an elf zombie, 2 elf zombies, a tengu zombie, a golden dragon
skeleton, an elf skeleton, a spriggan skeleton, a titan skeleton, an iron giant
skeleton and a tengu skeleton.

Vanquished Creatures
  Cerebov (Pan)
  Antaeus (Coc:7)
  the Royal Jelly (Slime:6)
  Asmodeus (Geh:7)
  Ereshkigal (Tar:7)
  Ignacio (Pan)
  Gloorx Vloq (Pan)
  Mnoleg (Pan)
  A seraph (Pan)
  Lom Lobon (Pan)
  Dispater (Dis:7)
  the Serpent of Hell (Tar:7)
  The ghost of SmilinJack the Merfolkian Porcupine, a legendary MfSk of the Shining One (Pan)
  Khufu (Crypt:3)
  Mennas (Pan)
  2 orbs of fire
  21 ancient liches
  2 juggernauts (Zig:14)
  Sojobo (Vaults:3)
  12 iron giants
  34 greater mummies
  Norris (Elf:2)
  Margery (Vaults:3)
  28 pandemonium lords
  15 shard shrikes
  7 Killer Klowns
  Vashnia (Snake:2)
  Frederick (Tomb:1)
  A curse toe (Zot:5)
  A caustic shrike (Zig:8)
  32 golden dragons
  Geryon (Hell)
  A pearl dragon (Pan)
  24 bone dragons
  6 profane servitors
  30 Tzitzimimeh
  10 doom hounds
  27 Brimstone Fiends
  Jorgrun (Snake:2)
  7 electric golems
  A shard shrike zombie (Crypt:2)
  Rupert (Lair:5)
  2 hellephants
  25 tentacled monstrosities
  19 Hell Sentinels
  25 Ice Fiends
  23 Orb Guardians (Zot:5)
  Asterion (Snake:1)
  49 acid blobs
  8 quicksilver dragons
  24 deep elf blademasters
  17 sphinxes
  21 titans
  16 ancient champions
  19 liches
  16 deep elf master archers
  3 eldritch tentacles
  8 death cobs
  37 Executioners
  14 tentacled starspawn
  A quicksilver dragon (shapeshifter) (Zig:9)
  11 tengu reavers
  6 thorn hunters
  An azure jelly (shapeshifter) (Vaults:5)
  24 storm dragons
  22 shadow dragons
  15 revenants
  14 draconian monks
  31 fire giants
  A frost giant (shapeshifter) (Zig:9)
  27 greater nagas
  21 azure jellies
  Wiglaf (Elf:3)
  54 balrugs
  19 frost giants
  13 draconian knights
  6 orc warlords
  Aizul (Snake:1)
  12 warmongers
  11 draconian scorchers
  7 daevas
  44 ghost moths
  23 angels
  20 vault wardens
  18 emperor scorpions
  11 curse skulls
  13 deep elf sorcerers
  7 caustic shrike zombies
  Louise (Depths:4)
  15 iron dragons
  2 spriggan defenders (Depths:3)
  9 draconian shifters
  36 cacodemons
  12 draconian zealots
  3 juggernaut zombies
  11 draconian annihilators
  33 ironheart preservers
  11 deep elf elementalists
  97 reapers
  26 very ugly things
  18 war gargoyles
  A stone giant (shapeshifter) (Zig:27)
  14 ghouls
  23 draconian callers
  16 apis (Pan)
  13 blood saints (Pan)
  25 corrupters
  56 stone giants
  9 ophanim (Pan)
  Nessos (Lair:6)
  An elemental wellspring (Coc:7)
  16 green draconians
  4 bennus (Zig:17)
  2 caustic shrike skeletons (Zig:17)
  11 salamander stormcallers
  27 deep elf annihilators
  2 dire elephants (Zig:8)
  18 deep elf demonologists
  17 red draconians
  24 black draconians
  20 chaos champions
  25 vampire knights
  20 mottled draconians
  17 black suns
  Azrael (Elf:1)
  33 lorocyprocas
  16 purple draconians
  24 white draconians
  10 yellow draconians
  15 spark wasps
  A dire elephant (shapeshifter) (Vaults:5)
  The ghost of nightshiftgray the Blocker, a journeyman MiFi of Okawaru (Lair:4)
  15 eidola
  23 ettins
  4 merfolk impalers (Zig:19)
  24 deep elf death magi
  9 merfolk javelineers (Zig:19)
  38 vault guards
  51 blizzard demons
  An ettin (shapeshifter) (Zig:20)
  A spectral quicksilver dragon (Zig:15)
  19 jiangshi
  36 green deaths
  8 quicksilver dragon zombies
  23 great orbs of eyes
  20 deep elf high priests
  20 fire dragons
  35 mummy priests
  11 death oozes
  35 entropy weavers
  6 kraken zombies
  15 yaktaur captains
  Josephine (Snake:1)
  41 hydras
  18 naga warriors
  9 rakshasas
  7 quicksilver dragon skeletons
  2 caustic shrike simulacra
  Erolcha (D:9)
  31 ice dragons
  4 spriggan air magi
  5 catoblepae
  An alligator snapping turtle (shapeshifter) (Zig:9)
  The ghost of allbefore the Cruncher, a journeyman HuWn of Nemelex Xobeh (Lair:1)
  A juggernaut simulacrum (Zig:17)
  2 iron giant zombies
  22 anacondas
  16 hell beasts
  12 death knights
  2 ice dragons (shapeshifter)
  19 monstrous demonspawn (Pan)
  6 ghost crabs
  7 centaur warriors
  2 satyrs
  An alligator (shapeshifter) (Zig:14)
  6 alligators
  3 merfolk aquamancers (Zig:19)
  4 titan zombies
  11 death yaks
  An iron giant skeleton (Zig:17)
  23 thrashing horrors
  12 deep troll shamans
  10 deep troll earth magi
  5 tengu warriors
  18 hell hogs
  22 ogre magi
  8 orc high priests
  22 vampire magi
  44 dancing weapons
  6 spriggan berserkers
  2 spectral storm dragons (Zig:15)
  136 sun demons
  19 naga sharpshooters
  2 shock serpents (shapeshifter) (Zig:20)
  4 iron golems
  3 storm dragon zombies
  8 wretched stars
  14 shock serpents
  12 spriggans
  87 soul eaters
  54 deep elf knights
  A spatial maelstrom (Zig:18)
  10 iron trolls
  3 titan skeletons
  A fire crab (Zig:14)
  16 salamander mystics
  12 death drakes
  129 skeletal warriors
  16 hell knights
  23 gelid demonspawn (Pan)
  3 ghost moth zombies
  4 golden dragon zombies
  19 shadow wraiths
  11 cherubim (Pan)
  4 sea snakes
  24 small abominations
  An iron troll (shapeshifter) (Zig:9)
  51 death scarabs
  25 shadow demons
  8 anaconda zombies
  35 deep trolls
  A spectral anaconda (Crypt:3)
  4 spriggan druids
  4 storm dragon skeletons
  30 deep elf archers
  8 unseen horrors
  24 phantasmal warriors
  12 giant orange brains
  31 flayed ghosts
  22 swamp dragons
  2 unseen horrors (shapeshifter)
  20 infernal demonspawn (Pan)
  5 golden dragon skeletons
  21 torturous demonspawn (Pan)
  14 putrid demonspawn (Pan)
  An obsidian statue (Zig:13)
  7 naga ritualists
  12 shambling mangroves
  30 ironbrand convokers
  Pikel (D:6)
  7 iron dragon zombies
  15 hill giants
  A lindwurm (shapeshifter) (Zig:20)
  4 shadow dragon zombies
  A hill giant (shapeshifter) (Zig:9)
  6 anaconda skeletons
  9 orc sorcerers
  121 deep elf magi
  42 anubis guards
  18 orc knights
  6 fire giant zombies
  73 starcursed masses
  9 shadow dragon skeletons
  5 lindwurms
  A sphinx zombie (Zig:17)
  4 oklob plants (Zig:18)
  An orb spider (shapeshifter) (Vaults:3)
  4 wolf spider zombies
  20 harpies
  17 shining eyes
  A tengu skeleton (Vaults:2)
  10 cyclopes
  8 mana vipers
  10 necromancers
  3 fauns (Zig:4)
  2 mana vipers (shapeshifter)
  18 hornets
  9 wizards
  A cyclops (shapeshifter) (Zig:6)
  8 manticores
  2 worldbinders
  44 orb spiders
  A salamander (shapeshifter) (Vaults:2)
  A spectral fire dragon (Crypt:3)
  14 griffons
  58 ugly things
  6 frost giant zombies
  23 salamanders
  34 wolf spiders
  A griffon (shapeshifter) (Zig:20)
  3 stone giant zombies
  33 moths of wrath
  Joseph (D:9)
  3 iron dragon skeletons
  2 sphinx skeletons
  40 black mambas
  107 large abominations
  3 fire giant skeletons
  2 sirens (Zig:19)
  53 sixfirhies
  4 frost giant skeletons
  6 dire elephant zombies
  A moth of wrath (shapeshifter) (Zig:4)
  9 eyes of devastation
  A shock serpent zombie (Tar:1)
  9 water nymphs
  2 water nymphs (shapeshifter)
  5 stone giant skeletons
  14 guardian serpents
  2 ice statues (Coc:7)
  57 orange demons
  An octopode (shapeshifter) (D:15)
  An eye of devastation (shapeshifter) (Zig:9)
  2 spectral elves (Zig:15)
  29 vault sentinels
  3 guardian serpents (shapeshifter)
  3 spriggan zombies
  7 molten gargoyles
  6 elf skeletons
  29 naga magi
  52 rust devils
  9 apocalypse crabs
  94 smoke demons
  24 spiny frogs
  An elephant (Zig:8)
  5 gargoyles
  36 hellions
  10 rime drakes
  A catoblepas zombie (Geh:7)
  12 torpor snails
  A spiny frog (shapeshifter) (Vaults:1)
  55 demonic crawlers
  6 dire elephant skeletons
  2 emperor scorpion zombies
  4 kobold demonologists
  8 komodo dragons
  2 shock serpent skeletons
  16 efreet
  46 freezing wraiths
  An anaconda simulacrum (Coc:1)
  59 tormentors
  49 yaktaurs
  55 guardian mummies
  69 ice devils
  2 silent spectres
  22 merfolk
  6 tengu conjurers
  7 ancient zymes
  48 hellwings
  19 hydra zombies
  A harpy zombie (Tar:7)
  The ghost of nightshiftgray the Covered, an amateur MiFi (D:3)
  A grey draconian skeleton (Crypt:1)
  A queen bee (D:14)
  41 jumping spiders
  2 shadow dragon simulacra
  3 wind drakes (shapeshifter)
  27 two-headed ogres
  An iron troll skeleton (Crypt:1)
  68 red devils
  6 polar bears
  2 queen bees (shapeshifter)
  A jumping spider (shapeshifter) (Vaults:1)
  A slime creature (shapeshifter) (Zig:11)
  Prince Ribbit (D:7)
  26 bog bodies
  A merfolk (shapeshifter) (Zig:20)
  Grinder (D:6)
  16 raiju
  3 harpy skeletons
  12 giant leeches
  6 hydra skeletons
  2 polar bears (shapeshifter)
  8 trolls
  A giant leech (shapeshifter) (Vaults:1)
  17 blink frogs
  9 fire dragon zombies
  5 alligator zombies
  A two-headed ogre (shapeshifter) (Vaults:1)
  18 ushabtiu
  9 boulder beetles
  162 slime creatures
  A snapping turtle (shapeshifter) (Zig:4)
  5 wind drakes
  3 ettin zombies
  4 snapping turtles
  A fire giant simulacrum (Coc:3)
  5 ice dragon zombies
  8 fire dragon skeletons
  17 air elementals
  49 redbacks
  61 ynoxinuls
  15 water elementals
  2 alligator skeletons
  54 shadows
  37 tarantellas
  5 ettin skeletons
  161 flying skulls
  3 ice dragon skeletons
  3 vampires
  A guardian serpent skeleton (Crypt:1)
  39 wraiths
  30 water moccasins
  2 tarantellas (shapeshifter)
  3 black mamba zombies
  15 fire elementals
  12 wyverns
  15 fire bats
  2 basilisks
  25 golden eyes
  79 yaks
  13 hippogriffs
  17 humans (D:14)
  2 golden eyes (shapeshifter)
  A basilisk (shapeshifter) (Elf:1)
  74 chaos spawn
  13 hungry ghosts
  24 vampire mosquitoes
  38 neqoxecs
  4 steam dragons (Zig:23)
  2 swamp worms (shapeshifter)
  9 wargs
  Edmund (D:4)
  13 mottled dragons
  19 insubstantial wisps
  27 nagas
  2 spatial vortices (Zig:18)
  19 swamp worms
  A merfolk zombie (Coc:5)
  A hydra simulacrum (Coc:5)
  4 giant eyeballs
  5 spiny frog zombies
  A giant eyeball (shapeshifter) (Zig:14)
  4 porcupines
  16 swamp drakes
  A deep troll skeleton (Crypt:2)
  2 torturous demonspawn skeletons
  Duvessa (D:4)
  54 orc warriors
  Purgy (Sewer)
  3 black bears
  51 hell hounds
  6 spiny frog skeletons
  15 elf zombies
  20 eyes of draining
  8 ice beasts
  A slave (D:6)
  4 sky beasts
  2 swamp dragon zombies
  An anubis guard zombie (Crypt:2)
  4 phantoms
  18 necrophages
  2 snapping turtle skeletons
  6 snapping turtle zombies
  8 boggarts
  32 wasps
  33 wolves
  72 ogres
  10 centaurs
  A manticore skeleton (Pan)
  2 elephant skeletons
  25 crocodiles
  2 big kobolds
  22 giant frogs
  9 earth elementals
  A salamander skeleton (Crypt:2)
  2 wyvern zombies
  2 human skeletons
  Dowan (D:4)
  A water moccasin zombie (D:12)
  2 wyvern skeletons
  5 scorpions
  40 killer bees (D:14)
  A spriggan skeleton (Geh:4)
  57 wights
  4 howler monkeys (D:8)
  4 electric eels
  9 crimson imps
  4 centaur zombies
  4 hounds
  72 jellies
  31 orc priests
  36 orc wizards
  5 quasits
  Crazy Yiuf (D:4)
  2 giant frog skeletons
  A gnoll shaman (Orc:1)
  5 centaur skeletons
  9 iguanas
  24 iron imps
  A black bear skeleton (Crypt:1)
  6 hell rats (Lair:6)
  A lightning spire (Zig:14)
  A spriggan simulacrum (Coc:4)
  12 worker ants
  24 sheep
  A demigod zombie (Crypt:2)
  An ogre zombie (Crypt:1)
  A demigod skeleton (Crypt:2)
  3 tengu zombies
  3 hound skeletons
  79 mummies
  An ogre simulacrum (Crypt:3)
  14 adders
  8 gnolls
  90 river rats
  19 shadow imps
  23 white imps
  2 ufetubi
  An ooze (Lair:8)
  An adder skeleton (D:5)
  3 ball lightnings (Pan)
  5 giant geckos
  126 orcs
  5 giant cockroaches
  6 goblins
  8 hobgoblins
  6 jackals
  19 kobolds
  4 quokkas
  2 ball pythons (D:4)
  2 ball python skeletons
  10 bats
  7 giant newts
  A kobold skeleton (Geh:1)
  An orc skeleton (Tar:7)
  2 orc zombies
  8 rats
  A block of ice (Pan)
  7 briar patches (Swamp:2)
  10 crawling corpses
  9 fire vortices
  14 fungi
  2 lurking horrors
  17 plants
  A spectral weapon (Snake:1)
  24 starspawn tentacles
  A starspawn tentacle segment (Zig:18)
  3 tentacles
8101 creatures vanquished.

Vanquished Creatures (collateral kills)
  An ancient lich (Zot:5)
  3 pandemonium lords (Pan)
  An orb of fire (Zot:5)
  6 greater mummies
  An iron giant (Dis:7)
  A Killer Klown (Zot:5)
  A golden dragon (Zig:23)
  A profane servitor (Crypt:3)
  2 Tzitzimimeh
  3 Brimstone Fiends
  2 tentacled monstrosities
  2 Orb Guardians (Zot:5)
  2 liches
  2 deep elf blademasters (Zig:27)
  A titan (Pan)
  2 acid blobs (Zig:25)
  An Executioner (Pan)
  A deep elf master archer (Zig:12)
  A draconian monk (Zig:21)
  A shadow dragon (Tar:7)
  A revenant (Zig:13)
  4 daevas (Pan)
  A fire giant (Zig:9)
  A draconian shifter (Zig:21)
  A black sun (Pan)
  3 ghost moths
  4 balrugs
  A vault warden (Zig:9)
  6 cacodemons
  2 warmongers
  2 angels (Pan)
  A curse skull (Zig:12)
  A draconian annihilator (Pan)
  A reaper (Zig:6)
  2 war gargoyles (Dis:7)
  An ophan (Pan)
  2 apis (Pan)
  A corrupter (Pan)
  2 green draconians (Zig:7)
  2 lorocyprocas
  3 chaos champions
  An eidolon (Crypt:3)
  A blizzard demon (Zig:7)
  A jiangshi (Crypt:3)
  An ettin (Zig:9)
  A spectral golden dragon (Zig:15)
  An entropy weaver (Zig:22)
  A mummy priest (Tomb:1)
  2 green deaths (Pan)
  A monstrous demonspawn (Pan)
  An alligator snapping turtle (Zig:19)
  2 vampire magi
  A sun demon (Pan)
  3 death scarabs
  A soul eater (Pan)
  6 shadow wraiths
  A wretched star (Zig:10)
  A death drake (Zig:23)
  2 cherubim (Pan)
  A torturous demonspawn (Pan)
  An infernal demonspawn (Pan)
  2 gelid demonspawn (Pan)
  A putrid demonspawn (Pan)
  A deep elf archer (Dis:7)
  A wizard (Pan)
  3 anubis guards
  A sixfirhy (Zig:6)
  A deep elf mage (Dis:7)
  4 large abominations
  A moth of wrath (Zig:14)
  6 rust devils (Dis:7)
  A dire elephant zombie (Coc:7)
  3 smoke demons
  A water nymph (Zig:19)
  2 hellions
  A komodo dragon (shapeshifter) (Zig:12)
  3 demonic crawlers (Pan)
  An efreet (Geh:7)
  4 tormentors
  A hellwing (Pan)
  3 guardian mummies
  An ice devil (Coc:6)
  4 red devils (Pan)
  A hydra zombie (Dis:6)
  A jumping spider (Zig:22)
  A raiju (Zig:18)
  2 slime creatures (Zig:13)
  An ushabti (Tomb:1)
  4 flying skulls
  A shadow (Tar:7)
  3 ynoxinuls
  3 redbacks
  A tarantella (Zig:22)
  2 wraiths
  A wyvern (Zig:23)
  A steam dragon (Zig:23)
  3 neqoxecs (Pan)
  A mottled dragon (Zig:23)
  A merfolk zombie (Dis:6)
  2 hell hounds (Geh:7)
  A spiny frog skeleton (Tar:7)
  A snapping turtle zombie (Dis:7)
  A necrophage (Coc:7)
  A small abomination (Crypt:3)
  A swamp dragon skeleton (Coc:7)
  2 wights (Tar:5)
  A starcursed mass (Zig:21)
  A jelly (Zig:25)
  4 iron imps
  A mummy (Tomb:3)
  2 white imps
  A starspawn tentacle (Zig:18)
  2 tentacles (Coc:6)
201 creatures vanquished.

Vanquished Creatures (others)
  A lich (Tomb:2)
  10 deep elf master archers
  An Executioner (Pan)
  A thorn hunter (Zig:15)
  An azure jelly (shapeshifter) (Zig:27)
  A fire giant (Depths:5)
  A draconian knight (Zig:7)
  A revenant (Tomb:2)
  2 iron dragons
  A draconian scorcher (Depths:5)
  A draconian zealot (Zot:3)
  A deep elf elementalist (Elf:3)
  A war gargoyle (Zig:24)
  An elemental wellspring (Coc:7)
  A deep elf demonologist (Zig:27)
  A mottled draconian (Zot:5)
  A white draconian (Zot:3)
  A blizzard demon (Coc:7)
  2 deep elf high priests
  5 yaktaur captains
  An anaconda (Zig:18)
  An ogre mage (Abyss:4)
  A centaur warrior (Vaults:3)
  3 alligators
  A dancing weapon (Zig:16)
  A naga sharpshooter (Snake:4)
  2 deep elf knights
  A small abomination (Zig:27)
  A death drake (Zig:23)
  3 wizards (Pan)
  A swamp dragon (Zig:15)
  A harpy (shapeshifter) (Zig:16)
  11 deep elf archers
  2 orc knights (Vaults:4)
  A harpy (Zig:19)
  3 orb spiders (Zig:19)
  A fire giant zombie (Tomb:2)
  9 deep elf magi
  A sixfirhy (Pan)
  A water nymph (Zig:19)
  A naga mage (Zig:18)
  A spiny frog (Zig:15)
  2 rime drakes (Zig:23)
  9 yaktaurs
  2 guardian mummies
  A hellion (Zig:24)
  A demonic crawler (Zig:19)
  2 jumping spiders (Zig:19)
  An ushabti (Tomb:2)
  A harpy skeleton (Coc:2)
  4 flying skulls
  A spriggan (shapeshifter) (Zig:16)
  A spriggan (Zig:15)
  A wyvern (Zig:23)
  An air elemental (Zig:16)
  A tarantella (Zig:19)
  A shadow (Swamp:4)
  A chaos spawn (Abyss:3)
  A large abomination (Pan)
  A vampire mosquito (Zig:3)
  An insubstantial wisp (Zig:15)
  2 swamp drakes
  An orc warrior (Zig:14)
  A slave (D:6)
  4 wasps
  3 centaurs
  A crimson imp (D:6)
  A starcursed mass (Zig:21)
  2 jellies (Zig:18)
  10 mummies
  5 ball lightnings (Pan)
  2 orcs
  3 briar patches (Zig:15)
  2 crawling corpses (Zig:27)
  2 demonic plants (Pan)
  40 eldritch tentacle segments
  5 fungi
  8 lost souls
  23 plants
  11 spectral weapons
  15 starspawn tentacles
  718 starspawn tentacle segments
  19 tentacles
  310 tentacle segments
1304 creatures vanquished.

Grand Total: 9606 creatures vanquished

Notes
Turn   | Place    | Note
--------------------------------------------------------------
     0 | D:1      | nightshiftgray the Minotaur Fighter began the quest for the Orb.
     0 | D:1      | Reached XP level 1. HP: 19/19 MP: 0/0
   233 | D:1      | Reached XP level 2. HP: 16/26 MP: 1/1
   408 | D:1      | You fall through a shaft!
   508 | D:2      | Reached XP level 3. HP: 31/31 MP: 2/2
   885 | D:2      | Reached skill level 5 in Polearms
   980 | D:2      | Reached XP level 4. HP: 39/39 MP: 3/3
  1504 | D:3      | Noticed nightshiftgray's ghost (amateur MiFi)
  2034 | D:3      | Reached XP level 5. HP: 45/45 MP: 4/4
  2467 | D:4      | Found a shadowy altar of Dithmenos.
  2509 | D:4      | Got a serpentine amber ring
  2528 | D:4      | Identified the ring "Luakhlex" {Fire +Blink MR+ Str+4 Stlth+} (You found it on level 4 of the Dungeon)
  2598 | D:4      | Reached XP level 6. HP: 47/51 MP: 5/5
  2619 | D:4      | Got a steaming war axe
  2632 | D:4      | Noticed Dowan
  2634 | D:4      | Noticed Duvessa
  2636 | D:4      | Identified the +10 war axe of Eternal Night {chop, *Drain Str+4 Int+3} (You found it on level 4 of the Dungeon)
  2637 | D:4      | Noticed Edmund
  2644 | D:4      | Killed Duvessa
  2650 | D:4      | Killed Edmund
  2651 | D:4      | Killed Dowan
  2651 | D:4      | Reached XP level 7. HP: 23/57 MP: 6/6
  2691 | D:4      | Found Ryenaorog's Armour Shop.
  2773 | D:4      | Found a glowing drain.
  2790 | Sewer    | Entered a sewer
  2859 | Sewer    | Noticed Purgy
  2861 | Sewer    | Killed Purgy
  3010 | D:4      | Noticed Crazy Yiuf
  3014 | D:4      | Killed Crazy Yiuf
  3482 | D:3      | Killed nightshiftgray's ghost
  3482 | D:3      | Reached skill level 5 in Axes
  3482 | D:3      | Reached skill level 1 in Dodging
  3482 | D:3      | Reached XP level 8. HP: 64/66 MP: 7/7
  3535 | D:3      | Found a shimmering altar of Xom.
  3580 | D:3      | Found a deep blue altar of Sif Muna.
  3581 | D:3      | Found a stormy altar of Qazlal.
  3804 | D:5      | Entered Level 5 of the Dungeon
  3997 | D:5      | Found a staircase to the Ecumenical Temple.
  4055 | Temple   | Entered the Ecumenical Temple
  4140 | Temple   | Became a worshipper of Warmaster Okawaru
  4900 | D:6      | Noticed Pikel
  4913 | D:6      | Killed Pikel
  4913 | D:6      | Reached * piety under Okawaru
  4913 | D:6      | Reached skill level 5 in Fighting
  4913 | D:6      | Reached skill level 5 in Armour
  4913 | D:6      | Reached skill level 5 in Shields
  5058 | D:6      | Reached XP level 9. HP: 71/74 MP: 8/8
  5229 | D:6      | Noticed Grinder
  5236 | D:6      | Killed Grinder
  5288 | D:6      | Gained mutation: Scrolls take you a little longer to read. [mutagenic meat]
  5289 | D:6      | Gained mutation: You passively map a small area around you. [mutagenic meat]
  5290 | D:6      | Gained mutation: You are dopey. (Int -2) [mutagenic meat]
  5292 | D:6      | Gained mutation: You passively map the area around you. [mutagenic meat]
  5549 | D:6      | Reached skill level 5 in Dodging
  5561 | D:6      | Found a basalt altar of Yredelemnul.
  5581 | D:6      | Found a shadowy altar of Dithmenos.
  5582 | D:6      | Found a blossoming altar of Fedhas.
  5670 | D:7      | Reached ** piety under Okawaru
  6076 | D:7      | Noticed Prince Ribbit
  6082 | D:7      | Killed Prince Ribbit
  6441 | D:7      | Reached *** piety under Okawaru
  6458 | D:8      | Found Efach's Antique Weapon Shop.
  6464 | D:8      | Bought a translucent battleaxe for 310 gold pieces
  6471 | D:8      | Identified the +7 battleaxe "Xoigg" {freeze, rF+++ Str+4 Int-4 Stlth+} (You bought it in a shop on level 8 of the Dungeon)
  6476 | D:8      | Got a crude chain mail
  6487 | D:8      | Identified the +8 chain mail of the Hall of Blades {+Fly} (You found it on level 8 of the Dungeon)
  6566 | D:8      | Reached XP level 10. HP: 76/84 MP: 9/9
  6591 | D:8      | Found a sparkling altar of Nemelex Xobeh.
  6637 | D:8      | Reached **** piety under Okawaru
  6640 | D:8      | Reached skill level 1 in Invocations
  7089 | D:9      | Noticed Joseph
  7096 | D:9      | Killed Joseph
  7144 | D:9      | Noticed Erolcha
  7151 | D:9      | Killed Erolcha
  7151 | D:9      | Reached skill level 10 in Axes
  7284 | D:9      | Reached ***** piety under Okawaru
  7340 | D:9      | Got a bound golden ring
  7829 | D:10     | Entered Level 10 of the Dungeon
  7837 | D:10     | Lost intelligence.
  7890 | D:10     | Lost intelligence.
  7949 | D:10     | Reached XP level 11. HP: 86/92 MP: 12/12
  8183 | D:10     | Killed an unseen horror
  8425 | D:10     | Identified the ring of Miracles {rC+ SInv Stlth-} (You found it on level 9 of the Dungeon)
  8434 | D:10     | Lost mutation: Scrolls take you a little longer to read. [potion of cure mutation]
  8434 | D:10     | Lost mutation: You are dopey. (Int -2) [potion of cure mutation]
  8695 | D:11     | Found a staircase to the Lair.
  8717 | D:11     | Noticed a hill giant
  8723 | D:11     | Killed a hill giant
  8723 | D:11     | Received a gift from Okawaru
  8733 | D:11     | Reached skill level 5 in Invocations
  9140 | D:11     | Noticed a hill giant
  9146 | D:11     | Killed a hill giant
  9157 | Lair:1   | Entered Level 1 of the Lair of Beasts
  9780 | Lair:1   | Noticed allbefore's ghost (journeyman HuWn)
  9795 | Lair:1   | Killed allbefore's ghost
 10128 | Lair:2   | Received a gift from Okawaru
 10481 | Lair:2   | Reached XP level 12. HP: 103/103 MP: 15/15
 10924 | Lair:3   | Found a staircase to the Snake Pit.
 11332 | Lair:3   | Reached skill level 10 in Armour
 11521 | Lair:3   | Reached skill level 10 in Dodging
 12132 | Lair:4   | Noticed a catoblepas
 12148 | Lair:4   | Killed a catoblepas
 12148 | Lair:4   | Reached ****** piety under Okawaru
 12331 | Lair:4   | Received a gift from Okawaru
 12391 | Lair:4   | Noticed a four-headed hydra
 12592 | Lair:4   | Noticed nightshiftgray's ghost (journeyman MiFi)
 12609 | Lair:4   | Killed nightshiftgray's ghost
 12691 | Lair:4   | Noticed a death yak
 12692 | Lair:4   | Noticed a death yak
 12693 | Lair:4   | Noticed a death yak
 12693 | Lair:4   | Noticed a four-headed hydra
 12694 | Lair:4   | Noticed a death yak
 12727 | Lair:3   | Killed a death yak
 12736 | Lair:3   | Killed a death yak
 12737 | Lair:3   | Killed a death yak
 12738 | Lair:3   | Killed a death yak
 13455 | D:11     | Reached XP level 13. HP: 92/111 MP: 16/18
 14225 | D:12     | Found a staircase to the Orcish Mines.
 14227 | D:12     | Found Wodda's Weapon Boutique.
 14385 | Orc:1    | Entered Level 1 of the Orcish Mines
 14514 | Orc:1    | Found a roughly hewn altar of Beogh.
 14564 | Orc:1    | Found a dark tunnel.
 14686 | Volcano  | Entered a volcano
 14725 | Volcano  | Received a gift from Okawaru
 14803 | Volcano  | Reached skill level 10 in Fighting
 14872 | Volcano  | Noticed a fire dragon
 14882 | Volcano  | Killed a fire dragon
 15243 | Orc:1    | Learned a level 5 spell: Aura of Abjuration
 15250 | Orc:1    | Learned a level 6 spell: Deflect Missiles
 15352 | Orc:2    | Entered Level 2 of the Orcish Mines
 15352 | Orc:2    | Found a staircase to the Elven Halls.
 15454 | Orc:2    | Found Jenont's Antique Weapon Boutique.
 15684 | Orc:2    | Noticed an orc warlord
 16318 | Orc:2    | Killed an orc warlord
 16389 | Orc:2    | Reached XP level 14. HP: 72/122 MP: 20/20
 16689 | Orc:2    | Received a gift from Okawaru
 16899 | Orc:2    | Found Voih Fite's Antique Armour Emporium.
 16900 | Orc:2    | Found Bupn's Antique Weapon Emporium.
 16901 | Orc:2    | Found Reismam's General Store.
 16901 | Orc:2    | Found Seesm's Jewellery Shoppe.
 17159 | Elf:1    | Entered Level 1 of the Elven Halls
 17218 | Orc:2    | Bought a potion of resistance for 140 gold pieces
 17218 | Orc:2    | Bought a scroll of enchant armour for 105 gold pieces
 17218 | Orc:2    | Bought a bread ration for 70 gold pieces
 17430 | Lair:4   | Found a staircase to the Swamp.
 17970 | Lair:4   | Got a heavily runed crystal plate armour {god gift}
 17981 | Lair:4   | Identified the +13 crystal plate armour "Etorchaw" {Str+3} (Okawaru gifted it to you on level 4 of the Lair of Beasts)
 18205 | Lair:5   | Noticed Rupert
 18217 | Lair:5   | Killed Rupert
 18217 | Lair:5   | Reached skill level 10 in Invocations
 18329 | Lair:5   | Received a gift from Okawaru
 18406 | Lair:5   | Got a dazzling war axe {god gift}
 18407 | Lair:5   | Identified the +1 war axe of Chagrin {speed, *Confuse rPois rN+++ Str+4} (Okawaru gifted it to you on level 5 of the Lair of Beasts)
 18945 | Lair:6   | Noticed Nessos
 18951 | Lair:6   | Killed Nessos
 19644 | Lair:7   | Reached skill level 15 in Axes
 19747 | Lair:7   | Received a gift from Okawaru
 20276 | Lair:7   | Identified 2 scrolls of acquirement
 20279 | Lair:7   | Got a pair of scorched gloves
 20285 | Lair:7   | Identified the +1 pair of gloves of Aseviroy {rF+ rC- MR- Str+8} (You acquired it on level 7 of the Lair of Beasts)
 20503 | Lair:8   | Entered Level 8 of the Lair of Beasts
 20503 | Lair:8   | Found a runed door.
 20503 | Lair:8   | Found a viscous altar of Jiyva.
 20503 | Lair:8   | Found a staircase to the Slime Pits.
 20586 | Lair:8   | Reached XP level 15. HP: 106/130 MP: 22/22
 20689 | Lair:8   | Found a burning altar of Makhleb.
 20717 | Lair:8   | Found a gateway to Hell.
 21279 | Lair:8   | Received a gift from Okawaru
 21472 | Hell     | Entered the Vestibule of Hell
 21472 | Hell     | Noticed Geryon
 22108 | D:13     | Gained mutation: Your system is resistant to poisons. [potion of beneficial mutation]
 22474 | D:14     | Found Meqyiq's Book Boutique.
 22671 | D:14     | Reached skill level 15 in Armour
 22761 | D:14     | Received a gift from Okawaru
 22765 | D:14     | Got a slimy plate armour {god gift}
 22784 | D:14     | Identified the +0 plate armour "Yjylofejepp" {rPois rCorr} (Okawaru gifted it to you on level 14 of the Dungeon)
 23438 | D:14     | Got an ancient plate armour
 23451 | D:14     | Identified the +1 plate armour of Indomitability {rC+ Str+4} (You found it on level 14 of the Dungeon)
 23466 | D:14     | Found a gate to the Vaults.
 23479 | D:14     | Reached XP level 16. HP: 124/139 MP: 24/24
 24034 | D:15     | Entered Level 15 of the Dungeon
 24076 | D:15     | Found a staircase to the Depths.
 24189 | D:15     | Gained mutation: Your flesh is heat resistant. [mutagenic meat]
 24192 | D:15     | Gained mutation: Your natural rate of healing is unusually fast. [mutagenic meat]
 24891 | Depths:1 | Entered Level 1 of the Depths
 24894 | Depths:1 | Noticed a sphinx
 24909 | D:15     | Killed a sphinx
 25091 | Swamp:1  | Entered Level 1 of the Swamp
 25345 | Swamp:1  | Received a gift from Okawaru
 26035 | Swamp:2  | Noticed a thorn hunter
 26050 | Swamp:2  | Killed a thorn hunter
 26344 | Swamp:4  | Entered Level 4 of the Swamp
 27303 | Swamp:4  | Reached XP level 17. HP: 131/149 MP: 18/26
 27575 | Swamp:4  | Received a gift from Okawaru
 27585 | Swamp:4  | Got a spiked shield {god gift}
 27587 | Swamp:4  | Identified the +1 shield "Uri Qist" {rPois Dex+3} (Okawaru gifted it to you on level 4 of the Swamp)
 27747 | Swamp:4  | Got a decaying rune of Zot
 28503 | Snake:1  | Entered Level 1 of the Snake Pit
 28842 | Snake:1  | Noticed Asterion
 28854 | Snake:1  | Killed Asterion
 28941 | Snake:1  | Noticed Aizul
 28942 | Snake:1  | Noticed Josephine
 28953 | Snake:1  | Killed Josephine
 28954 | Snake:1  | Killed Aizul
 29046 | Snake:1  | Got a wavering amber ring
 29048 | Snake:1  | Identified the ring "Ackymeov" {MP+9 Int+2} (You found it on level 1 of the Snake Pit)
 29550 | Snake:2  | Noticed Jorgrun
 29561 | Snake:2  | Killed Jorgrun
 29738 | Snake:2  | Noticed Vashnia
 29766 | Snake:2  | Killed Vashnia
 29766 | Snake:2  | Reached skill level 15 in Dodging
 31308 | Snake:3  | Received a gift from Okawaru
 31308 | Snake:3  | Reached XP level 18. HP: 157/159 MP: 27/27
 31472 | Snake:3  | Got a translucent ring mail {god gift}
 31473 | Snake:3  | Identified the +1 ring mail of Courage {rPois rCorr MP-9 Dex+6} (Okawaru gifted it to you on level 3 of the Snake Pit)
 31508 | Snake:4  | Entered Level 4 of the Snake Pit
 33133 | Snake:4  | Received a gift from Okawaru
 33446 | Snake:4  | Got a serpentine rune of Zot
 34100 | Elf:1    | Reached skill level 15 in Invocations
 34304 | Elf:1    | Cast into level 4 of the Abyss (long sword of distortion)
 34425 | Abyss:4  | Reached XP level 19. HP: 168/168 MP: 29/29
 34474 | Abyss:4  | Got an abyssal rune of Zot
 34630 | Elf:1    | Escaped the Abyss
 34853 | Elf:1    | Noticed Azrael
 34861 | Elf:1    | Killed Azrael
 35231 | Elf:1    | Received a gift from Okawaru
 35304 | Elf:1    | Found a deep blue altar of Sif Muna.
 35514 | Elf:2    | Found a radiant altar of Vehumet.
 35713 | Elf:2    | Found a huge runed gate.
 35713 | Elf:2    | Found a huge runed gate.
 35714 | Elf:2    | Found a huge runed gate.
 35715 | Elf:2    | Found a huge runed gate.
 35720 | Elf:2    | Found a huge runed gate.
 35784 | Elf:2    | Reached skill level 1 in Necromancy
 35978 | Elf:2    | Noticed Norris
 35997 | Elf:2    | Killed Norris
 36019 | Elf:2    | Received a gift from Okawaru
 36139 | Elf:2    | Reached skill level 15 in Fighting
 36539 | Elf:3    | Entered Level 3 of the Elven Halls
 36546 | Elf:3    | Noticed Wiglaf
 36561 | Elf:3    | Killed Wiglaf
 36793 | Elf:3    | Found Surunoowy's Weapon Shoppe.
 36836 | Elf:3    | Reached XP level 20. HP: 141/178 MP: 30/30
 36908 | Elf:3    | Reached skill level 5 in Necromancy
 37563 | Elf:3    | Received a gift from Okawaru
 38002 | Elf:3    | Got an ancient brass amulet
 38007 | Elf:3    | Identified the amulet "Puzigyih" {RegenMP +Inv rC+ Str+2 Stlth+} (You took it off a deep elf sorcerer on level 3 of the Elven Halls)
 38028 | Elf:3    | Got a steaming trident {flame}
 38031 | Elf:3    | Identified the +9 trident "Maonney" {flame, *Noise Str+4 Dex+5} (You took it off a deep elf sorcerer on level 3 of the Elven Halls)
 38214 | Elf:3    | Got an iridescent glaive {antimagic}
 38215 | Elf:3    | Identified the +9 glaive of Objectivity {antimagic, Str+4 Dex+2} (You took it off a deep elf death mage on level 3 of the Elven Halls)
 38237 | Elf:3    | Identified a +9 rod of clouds (10/10) (You took it off a deep elf death mage on level 3 of the Elven Halls)
 38246 | Elf:3    | Got a translucent bronze ring
 38248 | Elf:3    | Identified the ring "Miacic" {MR- Str+7 SInv} (You took it off a deep elf death mage on level 3 of the Elven Halls)
 38368 | Elf:3    | Got an encrusted plate armour
 38369 | Elf:3    | Identified the cursed +0 plate armour of the Flute {Int+3 Dex+2} (You took it off a deep elf high priest on level 3 of the Elven Halls)
 38498 | Elf:3    | Learned a level 3 spell: Regeneration
 38577 | Elf:3    | Identified the Guide on Supportive Darkness (You found it on level 3 of the Elven Halls)
 38583 | Elf:3    | Identified the Compendium of Bewitching Transmigration (You found it on level 3 of the Elven Halls)
 38592 | Elf:3    | Identified Cigotuvi's Grimoire of Dark Magic and Moulding
 38595 | Elf:3    | Identified the Incunabulum of the Evil Volcanoes
 38732 | Elf:3    | Got a smoking long sword {venom}
 38733 | Elf:3    | Identified the +5 long sword of Disgust {venom, +Blink rPois Int+3} (You took it off a deep elf sorcerer on level 3 of the Elven Halls)
 39261 | Slime:1  | Entered Level 1 of the Pits of Slime
 39787 | Slime:1  | Received a gift from Okawaru
 39874 | Lair:6   | Reached XP level 21. HP: 108/187 MP: 32/32
 40788 | Slime:6  | Entered Level 6 of the Pits of Slime
 41490 | Slime:6  | Received a gift from Okawaru
 41519 | Slime:6  | Noticed the Royal Jelly
 41533 | Slime:6  | Killed the Royal Jelly
 41854 | Slime:6  | Identified Pebics's Disquisition on Intoxication and Ignition
 41940 | Slime:6  | Got a slimy rune of Zot
 41969 | Slime:6  | Identified the Grimoire of Damaging Unholy Magic (You found it on level 6 of the Pits of Slime)
 42402 | Vaults:1 | Entered Level 1 of the Vaults
 42785 | Vaults:1 | Found Hakhad's General Store.
 42822 | Vaults:1 | Bought a legendary deck of summoning for 390 gold pieces
 42822 | Vaults:1 | Bought a scroll of enchant armour for 112 gold pieces
 42822 | Vaults:1 | Bought a scroll of identify for 30 gold pieces
 43505 | Vaults:2 | Reached XP level 22. HP: 195/195 MP: 33/33
 43885 | Vaults:2 | Reached skill level 10 in Shields
 43989 | Vaults:2 | Found a staircase to the Crypt.
 44606 | Vaults:3 | Received a gift from Okawaru
 44654 | Vaults:3 | Noticed Margery
 44676 | Vaults:3 | Killed Margery
 44763 | Vaults:3 | Found Ziucijee's Distillery.
 44769 | Vaults:3 | Bought a potion of cure mutation for 350 gold pieces
 44769 | Vaults:3 | Bought a potion of heal wounds for 70 gold pieces
 44769 | Vaults:3 | Bought a potion of might for 56 gold pieces
 44769 | Vaults:3 | Bought a potion of haste for 140 gold pieces
 44769 | Vaults:3 | Bought a potion of curing for 42 gold pieces
 44769 | Vaults:3 | Bought a potion of mutation for 35 gold pieces
 44769 | Vaults:3 | Bought a potion of haste for 140 gold pieces
 44975 | Vaults:3 | Noticed Sojobo
 45011 | Vaults:3 | Killed Sojobo
 45380 | Vaults:3 | Received a gift from Okawaru
 45955 | Vaults:3 | Got a pitted large shield
 45966 | Vaults:3 | Identified the cursed +0 large shield of the Harvest {rElec Int+2} (You found it on level 3 of the Vaults)
 46242 | Vaults:3 | Received a gift from Okawaru
 46549 | Vaults:4 | Reached XP level 23. HP: 204/204 MP: 34/34
 47303 | Vaults:4 | Received a gift from Okawaru
 47841 | Vaults:5 | Entered Level 5 of the Vaults
 47903 | Vaults:5 | Received a gift from Okawaru
 48153 | Vaults:5 | Reached XP level 24. HP: 198/214 MP: 31/35
 48174 | Vaults:5 | Received a gift from Okawaru
 48207 | Vaults:5 | Noticed an ancient lich
 48441 | Vaults:5 | Killed an ancient lich
 48454 | Vaults:5 | Received a gift from Okawaru
 49013 | Vaults:5 | Noticed an ancient lich
 49029 | Vaults:5 | Killed an ancient lich
 49151 | Vaults:5 | Got a steaming brass ring
 49152 | Vaults:5 | Identified the ring "Gynydwegaw" {rElec MP+9 Int-2 Dex+8 Stlth+} (You found it on level 5 of the Vaults)
 49160 | Vaults:5 | Got a silver rune of Zot
 49375 | Vaults:5 | Got a scintillating glass ring
 49376 | Vaults:5 | Identified the ring "Jaucikh" {Ice MR+ Str-5 Int+4 Dex+2} (You found it on level 5 of the Vaults)
 49424 | Vaults:5 | Got a clouded platinum ring
 49425 | Vaults:5 | Identified the ring "Icriurghu" {rC+ rN+ MP+9 Int-3 Stlth+} (You took it off a tengu reaver on level 5 of the Vaults)
 50108 | Vaults:4 | Reached XP level 25. HP: 223/223 MP: 35/35
 50434 | Depths:1 | Found Eqaa's Magic Scroll Shoppe.
 50437 | Depths:1 | Bought a scroll of brand weapon for 220 gold pieces
 50437 | Depths:1 | Bought a scroll of acquirement for 572 gold pieces
 50437 | Depths:1 | Bought a scroll of blinking for 82 gold pieces
 50441 | Depths:1 | Learned a level 2 spell: Shroud of Golubria
 50444 | Depths:1 | Learned a level 2 spell: Song of Slaying
 50448 | Depths:1 | Learned a level 3 spell: Spectral Weapon
 50876 | Depths:1 | Reached skill level 15 in Shields
 51268 | Depths:2 | Reached skill level 1 in Charms
 51374 | Depths:2 | Received a gift from Okawaru
 51395 | Depths:2 | Found Gozag's Assorted Antiques.
 51400 | Depths:2 | Found an opulent altar of Gozag.
 51402 | Depths:2 | Found Gozag's Assorted Antiques.
 51404 | Depths:2 | Found Gozag's Assorted Antiques.
 52137 | Depths:3 | Found a gateway to a ziggurat.
 52240 | Depths:3 | Found a one-way gate leading to the halls of Pandemonium.
 52569 | Depths:3 | Received a gift from Okawaru
 52603 | Depths:3 | Got a jewelled large shield {god gift}
 52604 | Depths:3 | Identified the +1 large shield "Gughue" {*Drain rC++ Stlth+} (Okawaru gifted it to you on level 3 of the Depths)
 53114 | Depths:4 | Noticed Louise
 53123 | Depths:4 | Killed Louise
 53139 | Depths:4 | Found a one-way gate to the infinite horrors of the Abyss.
 53224 | Depths:4 | Learned a level 2 spell: Swiftness
 53878 | Depths:4 | Reached XP level 26. HP: 167/232 MP: 35/35
 53950 | Depths:4 | Received a gift from Okawaru
 54016 | Depths:4 | Got a heavily runed golden ring
 54017 | Depths:4 | Identified the ring "Onnir" {rElec rPois Stlth+} (You found it on level 4 of the Depths)
 54235 | Depths:5 | Entered Level 5 of the Depths
 54464 | Depths:5 | Found a gate to the Realm of Zot.
 54561 | Depths:5 | Reached skill level 5 in Charms
 54602 | Depths:5 | Found Idarag's Elemental Accessories.
 54670 | Depths:5 | Received a gift from Okawaru
 55344 | Hell     | Killed Geryon
 55373 | Hell     | Received a gift from Okawaru
 55596 | Hell     | Found a gateway to the Iron City of Dis.
 55955 | Hell     | Found a gateway to the decaying netherworld of Tartarus.
 56091 | Hell     | Found a gateway to the ashen valley of Gehenna.
 56211 | Hell     | Found a gateway to the freezing wastes of Cocytus.
 56777 | Temple   | Fell from the grace of Okawaru
 56777 | Temple   | Became a worshipper of the Shining One
 57123 | Coc:1    | Entered Level 1 of Cocytus
 57198 | Coc:1    | Reached * piety under the Shining One
 57307 | Coc:2    | Reached ** piety under the Shining One
 57364 | Coc:2    | Reached XP level 27. HP: 242/242 MP: 36/36
 57406 | Coc:2    | Reached *** piety under the Shining One
 57503 | Coc:3    | Reached **** piety under the Shining One
 57634 | Coc:4    | Reached ***** piety under the Shining One
 58156 | Coc:6    | Reached ****** piety under the Shining One
 58172 | Coc:6    | Identified a +9 trishula of holy wrath (a +9 demon trident of venom blessed by the Shining One)
 58172 | Coc:6    | Received a gift from the Shining One
 58204 | Coc:7    | Entered Level 7 of Cocytus
 58422 | Dis:1    | Entered Level 1 of the Iron City of Dis
 59649 | Dis:7    | Entered Level 7 of the Iron City of Dis
 60048 | Dis:7    | Reached skill level 10 in Polearms
 60715 | Dis:7    | Got an ichor-stained cloak
 60726 | Dis:7    | Identified the cursed -1 cloak of Xoiciqon {rCorr Dex+4} (You found it on level 7 of the Iron City of Dis)
 60741 | Dis:7    | Got a glittering tin ring
 60743 | Dis:7    | Identified the ring of Jiwez {rC+ MP+9 Str+2 Dex+2} (You found it on level 7 of the Iron City of Dis)
 60920 | Dis:7    | Got a crude sapphire amulet
 60921 | Dis:7    | Identified the amulet of Zataaj {Inacc rF+ rC+ MR- Str+4 Int+3} (You found it on level 7 of the Iron City of Dis)
 61148 | Dis:7    | Noticed Dispater
 61189 | Dis:7    | Killed Dispater
 61241 | Dis:7    | Got an iron rune of Zot
 61463 | Tar:1    | Entered Level 1 of Tartarus
 61839 | Tar:1    | Was forgiven by Okawaru
 62242 | Tar:2    | Gained mutation: Your body sometimes deteriorates upon taking damage. [mutagenic glow]
 62515 | Tar:2    | Paralysed by an eldritch tentacle for 4 turns
 62949 | Tar:7    | Entered Level 7 of Tartarus
 62953 | Tar:7    | Noticed an ancient lich
 62961 | Tar:7    | Killed an ancient lich
 63227 | Tar:7    | Identified the Guide on Venomous Companions
 63230 | Tar:7    | Got a faintly glowing swamp dragon armour
 63231 | Tar:7    | Identified the cursed +1 swamp dragon armour of the Orb {rPois rF+} (You found it on level 7 of Tartarus)
 63621 | Tar:7    | Reached skill level 10 in Charms
 64052 | Tar:7    | Got a fine golden amulet
 64052 | Tar:7    | Got a steaming steel ring
 64086 | Tar:7    | Noticed the Serpent of Hell
 64099 | Tar:7    | Killed the Serpent of Hell
 64140 | Tar:7    | Noticed Ereshkigal
 64169 | Tar:7    | Killed Ereshkigal
 64185 | Tar:7    | Got a bone rune of Zot
 65158 | Crypt:1  | Entered Level 1 of the Crypt
 65534 | Crypt:2  | Found a basalt altar of Yredelemnul.
 65557 | Crypt:3  | Entered Level 3 of the Crypt
 65683 | Crypt:3  | Found an ancient bone altar of Kikubaaqudgha.
 65799 | Crypt:3  | Got a pair of brightly glowing gloves
 65800 | Crypt:3  | Identified the +4 pair of gloves of Masochism {*Confuse rN++ Dex+4} (You found it on level 3 of the Crypt)
 65802 | Crypt:3  | Identified the amulet of the Hundredfold Demons {Regen+ Int+4 Slay+3} (You took it off a vampire mage on level 7 of Tartarus)
 65804 | Crypt:3  | Identified the ring "Elleizis" {SInv Stlth-} (You found it on level 7 of Tartarus)
 66200 | Crypt:3  | Found a staircase to the Tomb.
 66200 | Crypt:3  | Noticed Khufu
 66214 | Crypt:3  | Killed Khufu
 66485 | Tomb:1   | Entered Level 1 of the Tomb of the Ancients
 66631 | Tomb:1   | Noticed Frederick
 66642 | Tomb:1   | Killed Frederick
 66663 | Tomb:1   | Reached skill level 1 in Translocations
 66742 | Tomb:1   | Noticed a greater mummy
 66747 | Tomb:1   | Noticed a greater mummy
 66757 | Tomb:1   | Killed a greater mummy
 66762 | Tomb:1   | Killed a greater mummy
 66848 | Tomb:2   | Noticed a greater mummy
 66848 | Tomb:2   | Noticed a greater mummy
 66848 | Tomb:2   | Noticed an ancient lich
 67031 | Tomb:2   | Killed a greater mummy
 67034 | Tomb:2   | Noticed a greater mummy
 67039 | Tomb:2   | Killed an ancient lich
 67042 | Tomb:2   | Killed a greater mummy
 67051 | Tomb:2   | Killed a greater mummy
 67454 | Tomb:2   | Gained mutation: Your flesh is very heat resistant. [a neqoxec]
 67730 | Tomb:1   | Noticed a greater mummy
 67739 | Tomb:1   | Noticed a greater mummy
 67741 | Tomb:1   | Killed a greater mummy
 67750 | Tomb:1   | Killed a greater mummy
 67843 | Tomb:1   | Noticed a greater mummy
 67861 | Tomb:1   | Killed a greater mummy
 67956 | Tomb:1   | Noticed a greater mummy
 67960 | Tomb:1   | Noticed a greater mummy
 67970 | Tomb:1   | Killed a greater mummy
 67980 | Tomb:1   | Killed a greater mummy
 68037 | Tomb:1   | Noticed a greater mummy
 68051 | Tomb:1   | Killed a greater mummy
 68073 | Tomb:1   | Noticed a greater mummy
 68081 | Tomb:1   | Noticed a greater mummy
 68085 | Tomb:1   | Killed a greater mummy
 68087 | Tomb:1   | Noticed a greater mummy
 68101 | Tomb:1   | Killed a greater mummy
 68101 | Tomb:1   | Reached skill level 27 in Armour
 68111 | Tomb:1   | Killed a greater mummy
 68259 | Tomb:1   | Noticed a greater mummy
 68262 | Tomb:1   | Noticed a greater mummy
 68267 | Tomb:1   | Noticed a greater mummy
 68268 | Tomb:1   | Noticed a greater mummy
 68269 | Tomb:1   | Killed a greater mummy
 68276 | Tomb:1   | Killed a greater mummy
 68283 | Tomb:1   | Killed a greater mummy
 68298 | Tomb:1   | Killed a greater mummy
 68414 | Tomb:1   | Noticed a greater mummy
 68422 | Tomb:1   | Noticed a greater mummy
 68429 | Tomb:1   | Killed a greater mummy
 68429 | Tomb:1   | Reached skill level 5 in Translocations
 68437 | Tomb:1   | Killed a greater mummy
 68440 | Tomb:1   | Noticed a greater mummy
 68450 | Tomb:1   | Killed a greater mummy
 68491 | Tomb:1   | Noticed a greater mummy
 68504 | Tomb:1   | Killed a greater mummy
 68814 | Tomb:2   | Got a spiked ring mail
 68815 | Tomb:2   | Identified the +0 ring mail "Ziawaler" {rN+} (You took it off an anubis guard on level 2 of the Tomb of the Ancients)
 68841 | Tomb:3   | Entered Level 3 of the Tomb of the Ancients
 68856 | Tomb:3   | Noticed an ancient lich
 68857 | Tomb:3   | Noticed a greater mummy
 68873 | Tomb:3   | Noticed a greater mummy
 68874 | Tomb:3   | Noticed a greater mummy
 68876 | Tomb:3   | Killed an ancient lich
 68881 | Tomb:3   | Killed a greater mummy
 69178 | Tomb:2   | Killed a greater mummy
 69554 | Tomb:2   | Killed a greater mummy
 69735 | Tomb:3   | Noticed a greater mummy
 69737 | Tomb:3   | Noticed a greater mummy
 69737 | Tomb:3   | Noticed a greater mummy
 69753 | Tomb:3   | Killed a greater mummy
 69755 | Tomb:3   | Noticed an ancient lich
 69758 | Tomb:3   | Killed a greater mummy
 69759 | Tomb:3   | Noticed a greater mummy
 69764 | Tomb:3   | Killed a greater mummy
 69777 | Tomb:3   | Killed an ancient lich
 69783 | Tomb:3   | Killed a greater mummy
 69997 | Tomb:3   | Got a golden rune of Zot
 70293 | Tomb:3   | Got a twisted crystal plate armour
 70294 | Tomb:3   | Identified the +0 crystal plate armour of Sloth {rPois rC+ Str+7 Int+4} (You found it on level 3 of the Tomb of the Ancients)
 70303 | Tomb:3   | Got a heavily runed platinum ring
 70305 | Tomb:3   | Identified the ring of Viugun {*Tele rC+ Int+2 Dex+5} (You found it on level 3 of the Tomb of the Ancients)
 70310 | Tomb:3   | Got a heavily runed cloak
 70321 | Tomb:3   | Identified the +0 cloak of Eternity {Dex+3} (You found it on level 3 of the Tomb of the Ancients)
 70334 | Tomb:3   | Got a warped pewter ring
 70335 | Tomb:3   | Identified the ring "Banaymo" {rCorr rPois rF- rC+ MR++} (You found it on level 3 of the Tomb of the Ancients)
 70345 | Tomb:3   | Identified the Grimoire of Supportive Protection
 70348 | Tomb:3   | Learned a level 1 spell: Summon Butterflies
 70530 | Tomb:3   | Identified a +2 rod of inaccuracy (9/9) (You found it on level 7 of Tartarus)
 70531 | Tomb:3   | Identified a +3 rod of shadows (11/11) (You took it off a guardian mummy on level 3 of the Tomb of the Ancients)
 71476 | Hell     | Reached skill level 27 in Dodging
 72704 | Coc:7    | Noticed Antaeus
 72743 | Coc:7    | Killed Antaeus
 72753 | Coc:7    | Got an icy rune of Zot
 72773 | Coc:7    | Identified a +0 pair of boots of running (You found it on level 7 of Cocytus)
 72811 | Coc:7    | Identified the Compendium of Weightlessness and Contamination
 73091 | Geh:1    | Entered Level 1 of Gehenna
 73148 | Geh:1    | Reached skill level 1 in Spellcasting
 73148 | Geh:1    | Reached skill level 1 in Summonings
 73998 | Geh:7    | Entered Level 7 of Gehenna
 74162 | Geh:7    | Reached skill level 5 in Summonings
 74429 | Geh:7    | Reached skill level 5 in Spellcasting
 74559 | Geh:7    | Identified the Almanac of the Spatial Escort
 74849 | Geh:7    | Noticed Asmodeus
 74875 | Geh:7    | Killed Asmodeus
 74905 | Geh:7    | Got an obsidian rune of Zot
 75421 | Zig:1    | Entered Level 1 of a ziggurat
 75444 | Zig:2    | Entered Level 2 of a ziggurat
 75478 | Zig:2    | Got a coiled pewter amulet
 75479 | Zig:2    | Identified the amulet of Fystraemy {rC+ Regen+ Str+3} (You acquired it on level 2 of a ziggurat)
 75502 | Zig:3    | Entered Level 3 of a ziggurat
 75537 | Zig:4    | Entered Level 4 of a ziggurat
 75599 | Zig:4    | Got a brightly glowing chain mail
 75610 | Zig:4    | Identified the +9 chain mail of Anaesthesia {-Tele rN++ rCorr SInv} (You found it on level 4 of a ziggurat)
 75643 | Zig:5    | Entered Level 5 of a ziggurat
 75770 | Zig:6    | Entered Level 6 of a ziggurat
 75778 | Zig:6    | Noticed Pustromech the pandemonium lord
 75806 | Zig:6    | Killed Pustromech the pandemonium lord
 75828 | Zig:6    | Got a faintly glowing amethyst amulet
 75831 | Zig:6    | Identified the amulet "Ijuem" {Gourm Stlth+} (You found it on level 6 of a ziggurat)
 75843 | Zig:6    | Learned a level 2 spell: Blink
 75845 | Zig:6    | Learned a level 1 spell: Apportation
 75847 | Zig:6    | Got a crude glass ring
 75849 | Zig:6    | Identified the ring "Haanwadgh" {Ice rElec} (You found it on level 6 of a ziggurat)
 75868 | Zig:7    | Entered Level 7 of a ziggurat
 75939 | Zig:7    | Got a brightly glowing lead ring
 75942 | Zig:7    | Identified the ring "Garelos" {*Tele +Blink rC+ Int-4} (You found it on level 7 of a ziggurat)
 75951 | Zig:7    | Got a warped scale mail
 75963 | Zig:7    | Identified the +4 scale mail of the Tick {Str+2} (You found it on level 7 of a ziggurat)
 76080 | Zig:8    | Entered Level 8 of a ziggurat
 76132 | Zig:8    | Identified the Incunabulum of the Cankerous Snowflakes
 76146 | Zig:9    | Entered Level 9 of a ziggurat
 76225 | Zig:9    | Identified the Disquisition on Shifting Calling (You found it on level 9 of a ziggurat)
 76251 | Zig:10   | Entered Level 10 of a ziggurat
 76313 | Zig:10   | Got a wavering platinum amulet
 76315 | Zig:10   | Identified the amulet "Xawan" {Inacc rN+ MP+9 Int-4 SInv} (You found it on level 10 of a ziggurat)
 76339 | Zig:10   | Got a smoking plate armour
 76351 | Zig:10   | Identified the +4 plate armour of Beyond {*Confuse rCorr MP+9 Slay+6} (You found it on level 10 of a ziggurat)
 76402 | Zig:11   | Entered Level 11 of a ziggurat
 76475 | Zig:11   | Got a transparent platinum ring
 76476 | Zig:11   | Identified the ring "Qebop" {rF+ MP+9 Int+3 Dex+6} (You found it on level 11 of a ziggurat)
 76559 | Zig:12   | Entered Level 12 of a ziggurat
 76653 | Zig:12   | Identified the Volume of Snow
 76662 | Zig:12   | Identified the Compendium of Ice and Orientation (You found it on level 12 of a ziggurat)
 76668 | Zig:12   | Got a glittering lead ring
 76670 | Zig:12   | Identified the ring of Huaq {rC+ MR+} (You found it on level 12 of a ziggurat)
 76685 | Zig:12   | Got a heavily runed garnet amulet
 76689 | Zig:12   | Identified the amulet "Viboreh" {+Rage +Fly MR+} (You found it on level 12 of a ziggurat)
 76823 | Zig:13   | Entered Level 13 of a ziggurat
 76833 | Zig:13   | Noticed an ancient lich
 76837 | Zig:13   | Noticed an ancient lich
 76849 | Zig:13   | Killed an ancient lich
 76853 | Zig:13   | Killed an ancient lich
 76865 | Zig:13   | Reached skill level 27 in Axes
 76884 | Zig:13   | Got a twitching pewter ring
 76886 | Zig:13   | Identified the ring "Xuohimiz" {rPois rF+ Stlth+} (You found it on level 13 of a ziggurat)
 76909 | Zig:13   | Identified The Foundations of Spellweaving (You found it on level 13 of a ziggurat)
 76944 | Zig:14   | Entered Level 14 of a ziggurat
 76957 | Zig:14   | Noticed a juggernaut
 76958 | Zig:14   | Noticed a juggernaut
 76969 | Zig:14   | Killed a juggernaut
 76979 | Zig:14   | Killed a juggernaut
 77029 | Zig:14   | Got a flickering garnet amulet
 77030 | Zig:14   | Identified the amulet "Qaeduewiba" {rPois Regen+ Slay+3 Stlth+} (You found it on level 14 of a ziggurat)
 77059 | Zig:14   | Identified the Almanac of Heat
 77108 | Zig:15   | Entered Level 15 of a ziggurat
 77251 | Zig:16   | Entered Level 16 of a ziggurat
 77349 | Zig:16   | Got a warped bronze ring
 77351 | Zig:16   | Identified the ring "Jajyrre" {SustAt Dex+4 Slay+3 Stlth+} (You found it on level 16 of a ziggurat)
 77388 | Zig:16   | Identified the Collected Works on Combat Magic and Flames
 77416 | Zig:17   | Entered Level 17 of a ziggurat
 77431 | Zig:17   | Noticed a greater mummy
 77438 | Zig:17   | Killed a greater mummy
 77442 | Zig:17   | Noticed a greater mummy
 77442 | Zig:17   | Noticed a greater mummy
 77443 | Zig:17   | Noticed a greater mummy
 77446 | Zig:17   | Reached skill level 27 in Fighting
 77455 | Zig:17   | Killed a greater mummy
 77465 | Zig:17   | Killed a greater mummy
 77471 | Zig:17   | Killed a greater mummy
 77493 | Zig:17   | Got a ring of the Octopus King
 77497 | Zig:17   | Identified a ring of the Octopus King {AC+1 EV+1 Str+1 Int+1 Dex+1 SInv} (You found it on level 17 of a ziggurat)
 77604 | Zig:17   | Got a warped amber ring
 77607 | Zig:17   | Identified the ring of the Exiled Cities {rCorr rC+ Dex+4} (You found it on level 17 of a ziggurat)
 77651 | Zig:17   | Reached skill level 10 in Summonings
 77680 | Zig:18   | Entered Level 18 of a ziggurat
 78036 | Zig:18   | Identified the Handbook of Toxic Moulding
 78050 | Zig:18   | Got a crude glass ring
 78051 | Zig:18   | Identified the ring "Wuhaj" {rCorr rElec rF++ Int-2} (You found it on level 18 of a ziggurat)
 78058 | Zig:18   | Identified the Papyrus of Enchantment and Unholy Rites
 78096 | Zig:19   | Entered Level 19 of a ziggurat
 78218 | Zig:19   | Got a fine bronze ring
 78220 | Zig:19   | Identified the ring of Edysh {rF+ Str+3 Stlth+} (You found it on level 19 of a ziggurat)
 78339 | Zig:20   | Entered Level 20 of a ziggurat
 78357 | Zig:20   | Noticed an ancient lich
 78362 | Zig:20   | Reached skill level 1 in Air Magic
 78369 | Zig:20   | Killed an ancient lich
 78388 | Zig:20   | Reached skill level 5 in Air Magic
 78423 | Zig:20   | Got a flickering jade ring
 78428 | Zig:20   | Identified the ring of Gozag's Outrage {*Tele rElec Int+4} (You found it on level 20 of a ziggurat)
 78469 | Zig:20   | Got a pair of crude gloves
 78470 | Zig:20   | Identified the +2 pair of gloves of the Game Afoot {rCorr} (You found it on level 20 of a ziggurat)
 78515 | Zig:21   | Entered Level 21 of a ziggurat
 78647 | Zig:21   | Got an ancient brass ring
 78648 | Zig:21   | Identified the ring of Efre {rF+ MR+ Dex+3} (You found it on level 21 of a ziggurat)
 78675 | Zig:21   | Identified the Reference Book on Calling and Enchantment
 78678 | Zig:21   | Reached skill level 10 in Spellcasting
 78724 | Zig:22   | Entered Level 22 of a ziggurat
 79362 | Depths:3 | Reached skill level 10 in Air Magic
 79465 | Depths:1 | Bought a scroll of enchant armour for 82 gold pieces
 79664 | Depths:3 | Reached skill level 1 in Evocations
 79772 | D:12     | Learned a level 9 spell: Tornado
 79777 | D:12     | Learned a level 4 spell: Airstrike
 79955 | Pan      | Entered Pandemonium
 80272 | Pan      | Got a distressingly furry large shield
 80275 | Pan      | Identified the +7 large shield of Onixeant {*Drain MR+ MP+9 Int+4} (You took it off a daeva in Pandemonium)
 80601 | Pan      | Found a glowing silver altar of Zin.
 80714 | Pan      | Noticed a seraph
 80725 | Pan      | Killed a seraph
 80725 | Pan      | Reached skill level 5 in Evocations
 80744 | Pan      | Found a glowing golden altar of the Shining One.
 80771 | Pan      | Got a demonic rune of Zot
 80797 | Pan      | Got a smelly plate armour
 80798 | Pan      | Identified the +1 plate armour "Cotufion" {Regen+ SInv Stlth-} (You found it in Pandemonium)
 80942 | Pan      | Found a white marble altar of Elyvilon.
 81200 | Pan      | Found an exit through the horrors of the Abyss.
 81238 | Pan      | Noticed Uqeosaso the pandemonium lord
 81251 | Pan      | Noticed SmilinJack's ghost (legendary MfSk)
 81267 | Pan      | Killed Uqeosaso the pandemonium lord
 81327 | Pan      | Killed SmilinJack's ghost
 81393 | Pan      | Noticed Ocsicio the pandemonium lord
 81413 | Pan      | Killed Ocsicio the pandemonium lord
 81661 | Pan      | Gained mutation: Your magical capacity is low (-10% MP). [a cacodemon]
 81923 | Pan      | Found an exit through the horrors of the Abyss.
 82102 | Pan      | Noticed Qafism the pandemonium lord
 82117 | Pan      | Killed Qafism the pandemonium lord
 82123 | Pan      | Reached skill level 10 in Evocations
 82140 | Pan      | Noticed Vest the pandemonium lord
 82178 | Pan      | Killed Vest the pandemonium lord
 82233 | Pan      | Noticed Ignacio
 82250 | Pan      | Killed Ignacio
 82315 | Pan      | Found an exit through the horrors of the Abyss.
 82492 | Pan      | Entered the realm of Mnoleg.
 82587 | Pan      | Found an exit through the horrors of the Abyss.
 82749 | Pan      | Gained mutation: You occasionally shout uncontrollably at your foes. [a cacodemon]
 82793 | Pan      | Lost mutation: Your system is resistant to poisons. [a neqoxec]
 82868 | Pan      | Noticed Mnoleg
 82895 | Pan      | Killed Mnoleg
 82899 | Pan      | Paralysed by a giant eyeball for 2 turns
 82963 | Pan      | Got a glowing rune of Zot
 83126 | Pan      | Found an exit through the horrors of the Abyss.
 83191 | Pan      | Noticed Coen the pandemonium lord
 83206 | Pan      | Killed Coen the pandemonium lord
 83259 | Pan      | Noticed Zob Gai the pandemonium lord
 83288 | Pan      | Killed Zob Gai the pandemonium lord
 83543 | Pan      | Entered the realm of Cerebov.
 83885 | Pan      | Found an exit through the horrors of the Abyss.
 84364 | Pan      | Noticed Cerebov
 84657 | Pan      | Identified the Incunabulum of Excruciating Black Rituals
 84726 | Pan      | Killed Cerebov
 84741 | Pan      | Got a warped amber ring
 84742 | Pan      | Identified the ring of Sunlight {MR+ Stlth+} (You found it in Pandemonium)
 84887 | Pan      | Got a fiery rune of Zot
 85063 | Pan      | Noticed Jaexicee the pandemonium lord
 85093 | Pan      | Killed Jaexicee the pandemonium lord
 85093 | Pan      | Reached skill level 15 in Polearms
 85244 | Pan      | Found an exit through the horrors of the Abyss.
 85360 | Pan      | Noticed Opemuext the pandemonium lord
 85364 | Pan      | Killed Opemuext the pandemonium lord
 85698 | Pan      | Found an exit through the horrors of the Abyss.
 85797 | Pan      | Noticed Munuaz the pandemonium lord
 85980 | Pan      | Reached skill level 15 in Air Magic
 86158 | Pan      | Noticed Gipes the pandemonium lord
 86186 | Pan      | Killed Gipes the pandemonium lord
 86404 | Pan      | Found an exit through the horrors of the Abyss.
 86810 | Pan      | Noticed Iweh the pandemonium lord
 86827 | Pan      | Killed Iweh the pandemonium lord
 86842 | Pan      | Entered the realm of Lom Lobon.
 86869 | Pan      | Found an exit through the horrors of the Abyss.
 87004 | Pan      | Reached skill level 15 in Spellcasting
 87354 | Pan      | Noticed Lom Lobon
 87390 | Pan      | Killed Lom Lobon
 87421 | Pan      | Got a magical rune of Zot
 87596 | Pan      | Noticed Vaojaar the pandemonium lord
 87606 | Pan      | Killed Vaojaar the pandemonium lord
 87621 | Pan      | Entered the realm of Gloorx Vloq.
 87678 | Pan      | Found an exit through the horrors of the Abyss.
 87978 | Pan      | Noticed Gloorx Vloq
 87996 | Pan      | Killed Gloorx Vloq
 87999 | Pan      | Got a dark rune of Zot
 88411 | Pan      | Reached skill level 15 in Evocations
 88873 | Pan      | Found an exit through the horrors of the Abyss.
 89219 | Pan      | Noticed Jasolo Nereo the pandemonium lord
 89235 | Pan      | Killed Jasolo Nereo the pandemonium lord
 89321 | Depths:3 | Escaped Pandemonium
 90508 | Crypt:2  | Identified the Almanac of Dislocated Poisoning
 91423 | Tomb:3   | Learned a level 8 spell: Controlled Blink
 92223 | Elf:3    | Learned a level 6 spell: Haste
 92730 | Zot:1    | Entered Level 1 of the Realm of Zot
 93441 | Zot:1    | Noticed an orb of fire
 93449 | Zot:1    | Killed an orb of fire
 94852 | Zot:3    | Reached skill level 27 in Invocations
 95278 | Zot:4    | Reached skill level 27 in Shields
 95357 | Zot:4    | Reached skill level 10 in Translocations
 95690 | Zot:4    | Got a jewelled cloak
 95691 | Zot:4    | Identified the +1 cloak of the Heron {*Drain rN++ Int+2 Dex+2} (You found it on level 4 of the Realm of Zot)
 95710 | Zot:4    | Got an encrusted broad axe
 95711 | Zot:4    | Identified the +3 broad axe of Jenyobro {pain, +Blink Dex+3} (You found it on level 4 of the Realm of Zot)
 96484 | Zot:5    | Entered Level 5 of the Realm of Zot
 96764 | Zot:5    | Noticed an ancient lich
 96768 | Zot:5    | Noticed an ancient lich
 96771 | Zot:5    | Noticed an orb of fire
 96776 | Zot:5    | Killed an ancient lich
 96783 | Zot:5    | Killed an ancient lich
 96793 | Zot:5    | Killed an orb of fire
 96835 | Zot:5    | Reached skill level 15 in Translocations
 96908 | Zot:5    | Noticed an ancient lich
 96908 | Zot:5    | Noticed an orb of fire
 96913 | Zot:5    | Killed an ancient lich
 96923 | Zot:5    | Killed an orb of fire
 96986 | Zot:5    | Noticed an ancient lich
 96994 | Zot:5    | Killed an ancient lich
 97646 | Depths:2 | Bought a potion of curing for 300 gold pieces
 97646 | Depths:2 | Bought a potion of might for 400 gold pieces
 97663 | Depths:2 | Bought a scroll of blinking for 750 gold pieces
 97672 | Depths:2 | Bought a scroll of remove curse for 300 gold pieces
 98023 | Vaults:3 | Lost mutation: Your magical capacity is low (-10% MP). [potion of mutation]
 98023 | Vaults:3 | Gained mutation: You are dopey. (Int -2) [potion of mutation]
 98024 | Vaults:3 | Gained mutation: You are partially covered in large bone plates (AC +2, SH +2). [potion of mutation]
 98024 | Vaults:3 | Lost mutation: Your natural rate of healing is unusually fast. [potion of mutation]
 98025 | Vaults:3 | Gained mutation: Armour fits poorly on your strangely shaped body. [potion of mutation]
 98025 | Vaults:3 | Gained mutation: You sometimes yell uncontrollably at your foes. [potion of mutation]
 98026 | Vaults:3 | Gained mutation: You are weak. (Str -2) [potion of mutation]
 98026 | Vaults:3 | Gained mutation: You are resistant to hostile enchantments. [potion of mutation]
 98026 | Vaults:3 | Gained mutation: You have sharp toenails. [potion of mutation]
 98027 | Vaults:3 | Lost mutation: You passively map the area around you. [potion of cure mutation]
 98027 | Vaults:3 | Lost mutation: You are weak. (Str -2) [potion of cure mutation]
 98027 | Vaults:3 | Lost mutation: Armour fits poorly on your strangely shaped body. [potion of cure mutation]
 98027 | Vaults:3 | Lost mutation: You passively map a small area around you. [potion of cure mutation]
 98027 | Vaults:3 | Lost mutation: Your body sometimes deteriorates upon taking damage. [potion of cure mutation]
 98027 | Vaults:3 | Lost mutation: You have sharp toenails. [potion of cure mutation]
 98028 | Vaults:3 | Gained mutation: You are partially covered in slimy green scales (AC +2). [potion of mutation]
 98028 | Vaults:3 | Gained mutation: You are partially covered in molten scales (AC +1). [potion of mutation]
 98127 | Vaults:3 | Got a faintly glowing pewter amulet
 98128 | Vaults:3 | Identified the amulet of Hotteyr {Faith rF+ SInv} (You acquired it on level 3 of the Vaults)
 98523 | Pan      | Entered Pandemonium
 98593 | Pan      | Found an exit through the horrors of the Abyss.
 98626 | Pan      | Gained mutation: You are frail (-10% HP). [a neqoxec]
 98657 | Pan      | Noticed Fore the pandemonium lord
 98694 | Pan      | Killed Fore the pandemonium lord
 99358 | Depths:3 | Escaped Pandemonium
 99359 | Depths:3 | Lost mutation: You sometimes yell uncontrollably at your foes. [potion of cure mutation]
 99359 | Depths:3 | Lost mutation: Your flesh is very heat resistant. [potion of cure mutation]
 99359 | Depths:3 | Lost mutation: You are partially covered in slimy green scales (AC +2). [potion of cure mutation]
 99360 | Depths:3 | Lost mutation: You are frail (-10% HP). [potion of cure mutation]
 99360 | Depths:3 | Lost mutation: You are dopey. (Int -2) [potion of cure mutation]
 99360 | Depths:3 | Lost mutation: You are partially covered in molten scales (AC +1). [potion of cure mutation]
 99360 | Depths:3 | Lost mutation: Your flesh is heat resistant. [potion of cure mutation]
 99362 | Pan      | Entered Pandemonium
 99712 | Pan      | Noticed Xuom the pandemonium lord
 99733 | Pan      | Killed Xuom the pandemonium lord
 99789 | Pan      | Found a runed door.
 99803 | Pan      | Found a runed door.
 99881 | Pan      | Found a runed door.
100002 | Pan      | Found an exit through the horrors of the Abyss.
100208 | Pan      | Found a runed door.
100238 | Pan      | Noticed Xaytud the pandemonium lord
100250 | Pan      | Gained mutation: You have an increased reservoir of magic (+10% MP). [a neqoxec]
100254 | Pan      | Killed Xaytud the pandemonium lord
100692 | Pan      | Found an exit through the horrors of the Abyss.
100764 | Pan      | Noticed Taasiec the pandemonium lord
100788 | Pan      | Killed Taasiec the pandemonium lord
101072 | Pan      | Noticed Laytecao the pandemonium lord
101089 | Pan      | Noticed Mennas
101091 | Pan      | Killed Laytecao the pandemonium lord
101127 | Pan      | Killed Mennas
101318 | Pan      | Found an exit through the horrors of the Abyss.
101644 | Pan      | Noticed Xiesas the pandemonium lord
101665 | Pan      | Killed Xiesas the pandemonium lord
101897 | Pan      | Found an exit through the horrors of the Abyss.
102519 | Pan      | Noticed Xifiutit the pandemonium lord
102548 | Pan      | Killed Xifiutit the pandemonium lord
103299 | Pan      | Noticed Ducoff the pandemonium lord
103326 | Pan      | Killed Ducoff the pandemonium lord
103575 | Pan      | Found an exit through the horrors of the Abyss.
103716 | Pan      | Noticed Utysev the pandemonium lord
103733 | Pan      | Killed Utysev the pandemonium lord
103844 | Pan      | Gained mutation: Your muscles are strong. (Str +2) [a neqoxec]
104078 | Pan      | Found an exit through the horrors of the Abyss.
104161 | Pan      | Noticed Tatunk the pandemonium lord
104178 | Pan      | Killed Tatunk the pandemonium lord
104893 | Pan      | Found a runed door.
104924 | Pan      | Found an exit through the horrors of the Abyss.
105387 | Pan      | Noticed Lenkof Qal the pandemonium lord
105417 | Pan      | Killed Lenkof Qal the pandemonium lord
105476 | Pan      | Found an exit through the horrors of the Abyss.
105642 | Pan      | Noticed Itomythri the pandemonium lord
105654 | Pan      | Killed Itomythri the pandemonium lord
105848 | Pan      | Found an exit through the horrors of the Abyss.
106431 | Pan      | Noticed Gar Jagh the pandemonium lord
106447 | Pan      | Killed Gar Jagh the pandemonium lord
106637 | Pan      | Found an exit through the horrors of the Abyss.
107033 | Pan      | Noticed Yhiotzua the pandemonium lord
107042 | Pan      | Killed Yhiotzua the pandemonium lord
107102 | Depths:3 | Escaped Pandemonium
107310 | Pan      | Entered Pandemonium
107314 | Pan      | Found an exit through the horrors of the Abyss.
107359 | Pan      | Gained mutation: Potions and wands are less effective at restoring your health. [a cacodemon]
107372 | Pan      | Lost mutation: Your muscles are strong. (Str +2) [potion of cure mutation]
107372 | Pan      | Lost mutation: You are resistant to hostile enchantments. [potion of cure mutation]
107372 | Pan      | Lost mutation: You occasionally shout uncontrollably at your foes. [potion of cure mutation]
107372 | Pan      | Lost mutation: You have an increased reservoir of magic (+10% MP). [potion of cure mutation]
107373 | Pan      | Lost mutation: Potions and wands are less effective at restoring your health. [potion of cure mutation]
107393 | Pan      | Took an exit into the Abyss.
107393 | Abyss:1  | Escaped into the Abyss
108721 | Abyss:3  | Paralysed by accursed screaming for 1 turns
108952 | Depths:3 | Escaped the Abyss
108958 | Depths:3 | Gained mutation: You are clumsy. (Dex -2) [potion of mutation]
108958 | Depths:3 | Gained mutation: Your body sometimes deteriorates upon taking damage. [potion of mutation]
108958 | Depths:3 | Gained mutation: You are covered in fur (AC +1). [potion of mutation]
108959 | Depths:3 | Lost mutation: Your body sometimes deteriorates upon taking damage. [potion of cure mutation]
108959 | Depths:3 | Lost mutation: You are clumsy. (Dex -2) [potion of cure mutation]
108959 | Depths:3 | Lost mutation: You are partially covered in large bone plates (AC +2, SH +2). [potion of cure mutation]
109062 | Hell     | Got a crude cloak
109073 | Hell     | Identified the +0 cloak of Crawling {rF+ Str+4} (You acquired it in the Vestibule of Hell)
109102 | Zig:1    | Entered Level 1 of a ziggurat
109126 | Zig:2    | Entered Level 2 of a ziggurat
109151 | Zig:3    | Entered Level 3 of a ziggurat
109188 | Zig:4    | Entered Level 4 of a ziggurat
109228 | Zig:5    | Entered Level 5 of a ziggurat
109268 | Zig:6    | Entered Level 6 of a ziggurat
109423 | Zig:7    | Entered Level 7 of a ziggurat
109431 | Zig:7    | Noticed Vyes the pandemonium lord
109465 | Zig:7    | Killed Vyes the pandemonium lord
109667 | Zig:8    | Entered Level 8 of a ziggurat
109859 | Zig:9    | Entered Level 9 of a ziggurat
109875 | Zig:9    | Paralysed by accursed screaming for 1 turns
109887 | Zig:9    | Paralysed by accursed screaming for 1 turns
109963 | Zig:10   | Entered Level 10 of a ziggurat
110052 | Zig:11   | Entered Level 11 of a ziggurat
110072 | Zig:11   | Noticed Wosucaen the pandemonium lord
110096 | Zig:11   | Killed Wosucaen the pandemonium lord
110245 | Zig:12   | Entered Level 12 of a ziggurat
110393 | Zig:13   | Entered Level 13 of a ziggurat
110401 | Zig:13   | Noticed Puanur the pandemonium lord
110405 | Zig:13   | Killed Puanur the pandemonium lord
110461 | Zig:13   | Got a scorched sapphire amulet
110465 | Zig:13   | Identified the amulet of Jejualo {Regen+ MP+9} (You found it on level 13 of a ziggurat)
110503 | Zig:14   | Entered Level 14 of a ziggurat
110538 | Zig:14   | Reached skill level 5 in Hexes
110570 | Zig:14   | Got a pitted turquoise ring
110574 | Zig:14   | Identified the ring "Hoanieno" {*Corrode rPois MR+ MP+9} (You found it on level 14 of a ziggurat)
110728 | Zig:15   | Entered Level 15 of a ziggurat
110989 | Zig:16   | Entered Level 16 of a ziggurat
111050 | Zig:16   | Got a steaming plate armour
111052 | Zig:16   | Identified the +5 plate armour "Lihele" {Dex+2} (You found it on level 16 of a ziggurat)
111071 | Zig:16   | Got an ivory blowgun
111072 | Zig:16   | Identified the +6 blowgun "Jergh" {evade, Str+5} (You found it on level 16 of a ziggurat)
111219 | Zig:17   | Entered Level 17 of a ziggurat
111445 | Zig:18   | Entered Level 18 of a ziggurat
111554 | Zig:18   | Got a brightly glowing garnet amulet
111555 | Zig:18   | Identified the amulet of Ajazoytt {Spirit Int+4} (You found it on level 18 of a ziggurat)
111681 | Zig:19   | Entered Level 19 of a ziggurat
112118 | Zig:19   | Got a coiled garnet amulet
112122 | Zig:19   | Identified the amulet of Balance {Faith MR- Slay+6} (You found it on level 19 of a ziggurat)
112370 | Zig:20   | Entered Level 20 of a ziggurat
112382 | Zig:20   | Noticed an ancient lich
112392 | Zig:20   | Noticed an ancient lich
112400 | Zig:20   | Noticed an ancient lich
112416 | Zig:20   | Killed an ancient lich
112425 | Zig:20   | Killed an ancient lich
112465 | Zig:20   | Killed an ancient lich
112518 | Zig:20   | Got a vibrating silver ring
112521 | Zig:20   | Identified the ring "Keede" {Str+5 Stlth+} (You found it on level 20 of a ziggurat)
112526 | Zig:20   | Got a heavily runed cloak
112527 | Zig:20   | Identified the cursed +0 cloak of Seriolui {rPois} (You found it on level 20 of a ziggurat)
112532 | Zig:20   | Got an ichor-stained quicksilver dragon armour
112533 | Zig:20   | Identified the quicksilver dragon armour of the Other World {rPois rF+ MR+ Regen+ Str-4} (You found it on level 20 of a ziggurat)
112590 | Zig:20   | Identified the Reference Book on Heat and the Entourage (You found it on level 20 of a ziggurat)
112611 | Zig:21   | Entered Level 21 of a ziggurat
112645 | Zig:21   | Paralysed by accursed screaming for 2 turns
112661 | Zig:21   | Paralysed by accursed screaming for 2 turns
112680 | Zig:21   | Paralysed by accursed screaming for 2 turns
112761 | Zig:21   | Got a fine iron ring
112762 | Zig:21   | Identified the ring "Xepture" {Fire Int+2} (You found it on level 21 of a ziggurat)
112769 | Zig:21   | Got a scorched granite ring
112770 | Zig:21   | Identified the ring of Teseas {rPois Int+3} (You found it on level 21 of a ziggurat)
112775 | Zig:21   | Reached skill level 27 in Translocations
113089 | Zig:21   | Gained mutation: You are agile. (Dex +2) [potion of beneficial mutation]
113090 | Zig:21   | Gained mutation: You have large cloven feet. [potion of beneficial mutation]
113091 | Zig:21   | Gained mutation: Your system is resistant to poisons. [potion of beneficial mutation]
113105 | Zig:22   | Entered Level 22 of a ziggurat
113116 | Zig:22   | Noticed an ancient lich
113117 | Zig:22   | Noticed an ancient lich
113117 | Zig:22   | Noticed an ancient lich
113119 | Zig:22   | Noticed an ancient lich
113122 | Zig:22   | Noticed an ancient lich
113127 | Zig:22   | Killed an ancient lich
113128 | Zig:22   | Killed an ancient lich
113128 | Zig:22   | Killed an ancient lich
113128 | Zig:22   | Killed an ancient lich
113146 | Zig:22   | Killed an ancient lich
113183 | Zig:22   | Got a jewelled hat
113186 | Zig:22   | Got a warped pewter ring
113187 | Zig:22   | Identified the ring of the Dropbear {rF+ Str+2 Dex+3} (You found it on level 22 of a ziggurat)
113194 | Zig:22   | Got an ichor-stained buckler
113422 | Zig:23   | Entered Level 23 of a ziggurat
113608 | Zig:23   | Gained mutation: Your mind is acute. (Int +2) [potion of beneficial mutation]
113613 | Zig:23   | Got a flickering zirconium amulet
113614 | Zig:23   | Identified the amulet "Zouf" {Gourm rElec rF- Dex+4 Stlth+} (You found it on level 23 of a ziggurat)
113688 | Zig:24   | Entered Level 24 of a ziggurat
113924 | Zig:25   | Entered Level 25 of a ziggurat
114022 | Zig:25   | Gained mutation: Your spells are a little easier to cast, but a little less powerful. [a shining eye]
114308 | Zig:25   | Gained mutation: You have very sharp teeth. [potion of beneficial mutation]
114385 | Zig:26   | Entered Level 26 of a ziggurat
114785 | Zig:26   | Got a glittering wooden ring
114786 | Zig:26   | Identified the cursed ring "Finirgh" {rC+ Int-5 Slay+3} (You found it on level 26 of a ziggurat)
114825 | Zig:26   | Got a warped fire dragon armour
114826 | Zig:26   | Identified the +1 fire dragon armour of Subjectivity {rPois rF++ rC- Int+2 Dex+2} (You found it on level 26 of a ziggurat)
114852 | Zig:26   | Identified a +6 rod of clouds (9/9) (You found it on level 26 of a ziggurat)
114866 | Zig:27   | Entered Level 27 of a ziggurat
114980 | Zig:27   | Identified a +3 rod of inaccuracy (11/11) (You found it on level 27 of a ziggurat)
115400 | Hell     | Got a fine quarterstaff {god gift}
115467 | Zig:1    | Entered Level 1 of a ziggurat
115530 | Zig:2    | Entered Level 2 of a ziggurat
115564 | Zig:3    | Entered Level 3 of a ziggurat
115593 | Zig:3    | Got a scintillating lapis lazuli ring
115595 | Zig:3    | Identified the ring of Entrepreneurial Spirit {Wiz Str+2} (You found it on level 3 of a ziggurat)
115608 | Zig:3    | Lost mutation: Your mind is acute. (Int +2) [helix card]
115621 | Zig:4    | Entered Level 4 of a ziggurat
115664 | Zig:5    | Entered Level 5 of a ziggurat
115676 | Zig:5    | Reached skill level 27 in Polearms
115680 | Zig:5    | Reached skill level 1 in Unarmed Combat
115704 | Zig:5    | Gained mutation: You have a pair of large horns on your head. [potion of beneficial mutation]
115709 | Zig:5    | Lost mutation: You have large cloven feet. [potion of cure mutation]
115709 | Zig:5    | Lost mutation: You have a pair of large horns on your head. [potion of cure mutation]
115709 | Zig:5    | Lost mutation: You are agile. (Dex +2) [potion of cure mutation]
115709 | Zig:5    | Lost mutation: Your spells are a little easier to cast, but a little less powerful. [potion of cure mutation]
115709 | Zig:5    | Lost mutation: Your system is resistant to poisons. [potion of cure mutation]
115709 | Zig:5    | Lost mutation: You have very sharp teeth. [potion of cure mutation]
115719 | Zig:6    | Entered Level 6 of a ziggurat
115772 | Zig:7    | Entered Level 7 of a ziggurat
115778 | Zig:7    | Noticed Toly the pandemonium lord
115797 | Zig:7    | Killed Toly the pandemonium lord
115829 | Zig:8    | Entered Level 8 of a ziggurat
115841 | Zig:8    | Reached skill level 5 in Unarmed Combat
115882 | Zig:8    | Got a crude silver ring
115886 | Zig:8    | Identified the ring "Qaut" {*Confuse rElec AC+1 Str+5 Int-5} (You found it on level 8 of a ziggurat)
115910 | Zig:9    | Entered Level 9 of a ziggurat
116173 | Zig:10   | Entered Level 10 of a ziggurat
116202 | Zig:10   | Got a heavily runed sapphire amulet
116204 | Zig:10   | Identified the amulet "Eggeum" {Dismiss +Fly rPois rN+ Str+2} (You found it on level 10 of a ziggurat)
116398 | Zig:11   | Entered Level 11 of a ziggurat
116629 | Zig:12   | Entered Level 12 of a ziggurat
116679 | Zig:12   | Got a sparkling silver amulet
116681 | Zig:12   | Identified the amulet of Yhinto {Faith rElec Str+2} (You found it on level 12 of a ziggurat)
116933 | Zig:13   | Entered Level 13 of a ziggurat
116972 | Zig:13   | Gained mutation: You tend to lose your temper in combat. [a shining eye]
117014 | Zig:13   | Lost mutation: You are covered in fur (AC +1). [potion of cure mutation]
117014 | Zig:13   | Lost mutation: You tend to lose your temper in combat. [potion of cure mutation]
117103 | Zig:13   | Reached skill level 27 in Evocations
117324 | Zig:14   | Entered Level 14 of a ziggurat
117332 | Zig:14   | Noticed an ancient lich
117364 | Zig:14   | Killed an ancient lich
117396 | Zig:14   | Gained mutation: Your flesh is cold resistant. [potion of mutation]
117396 | Zig:14   | Gained mutation: Your spells are a little easier to cast, but a little less powerful. [potion of mutation]
117396 | Zig:14   | Gained mutation: You passively map a small area around you. [potion of mutation]
117504 | Zig:15   | Entered Level 15 of a ziggurat
117608 | Zig:15   | Got a scintillating lapis lazuli ring
117609 | Zig:15   | Identified the ring of the Hart {rElec Int+2 SInv Stlth-} (You found it on level 15 of a ziggurat)
117612 | Zig:15   | Got a wavering wooden ring
117613 | Zig:15   | Identified the ring of the Genius {Str+6 Int+2 Dex-3 SInv} (You found it on level 15 of a ziggurat)
117621 | Zig:15   | Got a warped cloak
117622 | Zig:15   | Identified the +4 cloak of Hiack {*Drain rC+ rN+ Dex+5} (You found it on level 15 of a ziggurat)
117624 | Zig:15   | Got a flickering jade ring
117627 | Zig:15   | Gained mutation: You are partially covered in rugged brown scales (AC +1, +3% HP). [potion of beneficial mutation]
117740 | Zig:16   | Entered Level 16 of a ziggurat
118010 | Zig:16   | Identified the ring of Vuexamewn {+Fly Str+4 Dex+4 Stlth-} (You found it on level 15 of a ziggurat)
118031 | Zig:16   | Got a pair of encrusted gloves
118032 | Zig:16   | Identified the +2 pair of gloves of the New World {Int+4} (You found it on level 16 of a ziggurat)
118054 | Zig:17   | Entered Level 17 of a ziggurat
118149 | Zig:17   | Got a translucent glass ring
118150 | Zig:17   | Identified the ring of the Madman {+Inv Stlth+} (You found it on level 17 of a ziggurat)
118183 | Zig:17   | Got a glittering copper ring
118184 | Zig:17   | Identified the ring "Vocel" {Ice rN+} (You found it on level 17 of a ziggurat)
118187 | Zig:17   | Got a translucent amethyst amulet
118188 | Zig:17   | Identified the amulet of the Cast Vote {Reflect Int+4 Dex+3 SH+6} (You found it on level 17 of a ziggurat)
118212 | Zig:17   | Got a sparkling golden ring
118383 | Zig:18   | Entered Level 18 of a ziggurat
118407 | Zig:18   | Paralysed by accursed screaming for 2 turns
118429 | Zig:18   | Paralysed by accursed screaming for 2 turns
118447 | Zig:18   | Paralysed by accursed screaming for 2 turns
118459 | Zig:18   | Paralysed by accursed screaming for 2 turns
118896 | Zig:18   | Got a steaming marble ring
118897 | Zig:18   | Identified the ring of Efruseos {Wiz rC+ MP+9 Int+8} (You found it on level 17 of a ziggurat)
118898 | Zig:18   | Identified the ring "Ceurargh" {Fire MP+9 Dex+2 SInv} (You found it on level 18 of a ziggurat)
118962 | Zig:19   | Entered Level 19 of a ziggurat
119500 | Zig:19   | Got an encrusted cloak
119501 | Zig:19   | Identified the cursed +0 cloak of Jajeqyes {rF+ rC+ Regen+} (You found it on level 19 of a ziggurat)
119523 | Zig:19   | Got a warped brass ring
119524 | Zig:19   | Identified the ring of Rotyva Dino {MP+9 Dex+4 SInv} (You found it on level 19 of a ziggurat)
119530 | Zig:19   | Got a heavily runed bronze ring
119533 | Zig:19   | Identified the cursed ring "Sient" {+Blink rPois rN+ AC-3} (You found it on level 19 of a ziggurat)
119577 | Zig:20   | Entered Level 20 of a ziggurat
119586 | Zig:20   | Noticed a greater mummy
119586 | Zig:20   | Noticed a greater mummy
119586 | Zig:20   | Noticed a greater mummy
119586 | Zig:20   | Noticed a greater mummy
119588 | Zig:20   | Noticed a greater mummy
119588 | Zig:20   | Noticed a greater mummy
119588 | Zig:20   | Noticed a greater mummy
119588 | Zig:20   | Noticed a greater mummy
119588 | Zig:20   | Noticed a greater mummy
119588 | Zig:20   | Noticed a greater mummy
119593 | Zig:20   | Killed a greater mummy
119593 | Zig:20   | Killed a greater mummy
119594 | Zig:20   | Killed a greater mummy
119598 | Zig:20   | Killed a greater mummy
119598 | Zig:20   | Killed a greater mummy
119612 | Zig:20   | HP: 13/279 [??? (4)]
119615 | Zig:20   | Killed a greater mummy
119616 | Zig:20   | Killed a greater mummy
119618 | Zig:20   | HP: 7/277 [guardian mummy's death curse (20)]
119621 | Zig:20   | Killed from afar by a mummy priest

Vault maps used:
D:1:      minmay_arrival_split_and_join
D:3:      gammafunk_temple_overflow_pools, first_bread, led_xom_imps
D:4:      portal_sewer_entry_b, serial_shops, nicolae_shop_window_shopping,
          grunt_dithmenos_shadows, uniq_crazy_yiuf_cottage, uniq_edmund,
          uniq_duvessa
D:5:      minmay_temple_entry_overgrown
D:6:      minitemple, uniq_grinder, uniq_pikel
D:7:      uniq_prince_ribbit1
D:8:      nemelex_deck, serial_shops, nicolae_shop_trees
D:9:      hangedman_fish_farm, hangedman_decor_riveting, uniq_erolcha,
          uniq_joseph
D:10:     minmay_gold_behind_fungi
D:11:     dpeg_oklobed_lair, nrook_mini_vaults, minmay_splitting_lines
D:12:     orc_david_3, serial_curves, eino_curves_04, eino_curves_03
D:14:     hangedman_what_comes_after_a, grunt_vaults_entry_tiered, serial_shops,
          shop_fountains
D:15:     hangedman_depths_entry_civil_slaughter, small_statue_intersection,
          minmay_misc_feat_tiny
Temple:   minmay_temple_curvy_14
Lair:1:   grunt_megastairs_1
Lair:2:   serial_bayou_shore_a
Lair:3:   minmay_snake_entry_spellcaster, grunt_forest_stairs_basic,
          grunt_megastairs_4, lemuel_fruit_tree
Lair:4:   minmay_swamp_entry_wisps
Lair:5:   serial_bayou_pond_c, uniq_rupert
Lair:6:   st_stairs_11, dpeg_oklob_1, uniq_nessos
Lair:7:   beast_lair_carwin_8
Lair:8:   evil_forest, slime_altar_2, serial_bayou_lake_a
Swamp:1:  cheibrodos_swamp_heart_of_darkness, nicolae_swamp_dense_foliage,
          swamp_pool2, ldierk_geyser
Swamp:2:  evilmike_swamp_ruin_house_3
Swamp:3:  nicolae_swamp_triple_paths, swamp_pool2
Swamp:4:  swamp_vile
Snake:1:  st_stairs_10, serial_bayou_lagoon_a, uniq_aizul, uniq_josephine,
          uniq_asterion
Snake:2:  uniq_jorgrun, uniq_vashnia
Snake:4:  snake_pit_salamanders_mu, st_stairs_8, spider_trap
Slime:2:  cheibrodos_slime_lost_civilization_2
Slime:4:  nicolae_slime_barrier
Slime:5:  cheibrodos_slime_lost_civilization_4
Orc:1:    nicolae_volcano_entry_vermiform, basic_altar, mines4_lemuel
Orc:2:    st_orc_congregation, serial_shops, nicolae_shop_waterfront
Elf:1:    eino_elf_arrival_sip, basic_altar, kennysheep_underground_church,
          uniq_azrael
Elf:2:    basic_altar, uniq_norris
Elf:3:    minmay_elf_hall_four_x, special_room, serial_shops, shop,
          minivault_20, uniq_wiglaf
Vaults:1: v_misc_17, ontoclasm_vaults_chip, nicolae_vaults_little_squares_4,
          vaults_standard_mumra_enter_the_diamond, vaults_mumra_hexcomb,
          vaults_room_pools, vaults_room_pools, dpeg_vaults_monster_box,
          serial_shops, nicolae_shop_waterfront
Vaults:2: minmay_crypt_entry_simple_sparse, hangedman_vaults_impose, v_misc_22,
          v_misc_5, hangedman_vaults_pinch, grunt_vaults_trifunnel,
          hangedman_vaults_hat, ontoclasm_vaults_chip,
          nicolae_vaults_ring_of_whatevers, vaults_room_corners,
          ontoclasm_vaults_twist
Vaults:3: hangedman_vaults_snaps, hangedman_vaults_trim, v_misc_8, v_misc_30,
          hangedman_vaults_capsules, v_misc_3, nicolae_vaults_branching_niches,
          vaults_dpeg_cross, vaults_room_door_ring, v_rooms_1,
          hangedman_vaults_corner_blocks, vaults_dpeg_hooks,
          nicolae_vaults_angled_halls, vaults_room_door_ring,
          nicolae_vaults_asterisk, vaults_room_hallway,
          ontoclasm_vaults_ring_square, serial_shops, nicolae_shop_stone,
          uniq_sojobo, uniq_margery
Vaults:4: hangedman_vaults_restitches, v_misc_9, v_misc_23,
          vaults_dpeg_encased_lava, vaults_standard_mumra_lines,
          vaults_room_fours, vaults_dpeg_ring, hangedman_vaults_nodes,
          hangedman_vaults_stagger, vaults_room_glass_cross,
          nicolae_vaults_little_squares_2, nicolae_vaults_theta,
          ontoclasm_vaults_ring_large
Crypt:2:  basic_altar
Crypt:3:  grunt_crypt_end_deaths_head
Tomb:1:   uniq_frederick
Depths:1: minmay_misc_feat_pillars, serial_shops, kennysheep_mini,
          hangedman_geh_valley, lemuel_old_faithful, grunt_megastairs_3
Depths:2: kennysheep_gozag_temple, hell_entry, infiniplex_staircase_pool_2
Depths:3: kennysheep_ambush_hall, enter_ziggurat_c, grunt_hell_entry_dis_old,
          grunt_pan_entry_spiral, minmay_misc_feat_enclosed,
          serial_bayou_crossing
Depths:4: cheibrodos_leafed_vault, pf_hell_entry_tar_spiral,
          nicolae_abyss_entry_one_way_or_another, minmay_crystal_water,
          kennysheep_generic_room_11
Depths:5: grunt_zot_entry_hairpin, hell_entry, minivault_11,
          nicolae_elemental_shop
Dis:2:    hangedman_dis_chains
Dis:4:    hangedman_dis_decor_blocks_talon
Dis:5:    lemuel_elevator
Dis:6:    hangedman_feature_mirror, nrook_loot_triangle,
          nicolae_dis_iron_filings
Dis:7:    iron_city_of_dis
Geh:7:    evilmike_geh
Coc:4:    nooodl_cocytus_jagged_cave
Coc:7:    coc_grunt_cove
Tar:1:    nicolae_tar_cuneiform_to_be
Tar:2:    minmay_shadows
Tar:4:    nicolae_tar_cuneiform_sun
Tar:7:    tar_old
Zot:1:    grunt_deathspiral_small
Zot:4:    st_large_dragon_hoard_4
Abyss:1:  hangedman_cross_veins
Abyss:2:  hangedman_eye_storm, guppyfry_abyss_exit_imp_island
Abyss:3:  evilmike_abyss_exit_15, evilmike_abyss_exit_glass
Abyss:4:  grunt_abyss_rune_sword_and_sorcery, evilmike_abyss_exit_vortex
Pan:      evilmike_holy_pan, evilmike_mini_pan_possible_glass, pan_disco_hall,
          nicolae_pan_giant_door, uniq_ignacio, evilmike_mini_pan_V,
          pan_blood_fountain, rand_demon_1, pan_blood_fountain_small,
          pan_captured_pigsty, nicolae_pan_sigil_itan, rand_demon_3,
          pan_blood_fountain_2, rand_demon_4, uniq_ignacio,
          evilmike_mini_pan_other_thingy, pan_blood_fountain,
          nicolae_pan_mnolegish_5, evilmike_mini_pan_diamond,
          evilmike_mnoleg_eyes, pan_blood_fountain, evilmike_mini_pan_3x3,
          rand_demon_3, pan_blood_fountain, nicolae_pan_sigil_uleosi,
          evilmike_mini_pan_layers, nicolae_pan_giant_door,
          evilmike_cerebov_lava, pan_blood_fountain, grunt_pan_in_and_out,
          uniq_mennas_pan, evilmike_mini_pan_T, rand_demon_3,
          grunt_pan_pentagram, grunt_pan_frozen_over,
          evilmike_mini_pan_corridor, pan_surprise, grunt_pan_in_and_out,
          pan_blood_fountain_small, grunt_pan_spiral, nicolae_pan_sigil_itan,
          grunt_pan_sceptre, lom_lobon_st, pan_blood_fountain,
          evilmike_mini_pan_corner, pan_blood_fountain_small,
          gloorx_vloq_grunt_torture_chamber, reaverb_pan_figure_eight,
          evilmike_mini_pan_corner, nicolae_pan_mnolegish_3, rand_demon_1,
          rand_demon_4, rand_demon_3, rand_demon_7,
          evilmike_mini_pan_other_thingy, evilmike_mini_pan_doors,
          uniq_mennas_pan, grunt_pan_spiral, nicolae_pan_glass_arcs,
          evilmike_mini_pan_other_thingy, nicolae_pan_glass_arcs,
          evilmike_mini_pan_thingy, pan_blood_fountain_small, rand_demon_9,
          nicolae_pan_strange_glyphs, grunt_pan_in_and_out, pan_blood_fountain,
          rand_demon_4, nicolae_pan_sigil_itan, nicolae_pan_double_arrow,
          rand_demon_2, pan_blood_fountain_small, nicolae_pan_cerebovesque_2,
          evilmike_mini_pan_pillars
Zig:7:    ziggurat_pillar_centre_dead_trees
Zig:8:    ziggurat_loot_3
Zig:12:   ziggurat_pillar_centre_c
Zig:13:   ziggurat_loot_1
Zig:17:   ziggurat_pillar_centre_smoke, ziggurat_pillar_centre_drop
Zig:18:   ziggurat_pillar_centre_oklobs, ziggurat_loot_1
Zig:25:   ziggurat_loot_2
Sewer:    kennysheep_door_sewer
Volcano:  pf_volcano_lost_world

Skill      XL: |  1  2  3  4  5  6  7  8  9 10 11 12 13 14 15 16 17 18 19 20 21 22 23 24 25 26 27 |
---------------+----------------------------------------------------------------------------------+-----
Polearms       | 3 4 5 6 7 9 27 | 27.0
Axes           | 5 6 8 10 11 12 13 15 16 17 18 19 20 21 22 23 27 | 27.0
Fighting       | 4 5 6 7 8 9 10 11 12 13 14 15 16 17 18 27 | 27.0
Armour         | 4 5 6 7 9 11 12 14 15 16 17 18 19 20 21 22 23 24 27 | 27.0
Dodging        | 1 4 6 8 9 10 12 13 14 15 16 17 18 19 20 21 22 23 27 | 27.0
Shields        | 4 5 6 9 11 13 14 16 17 27 | 27.0
Invocations    | 3 6 8 9 11 12 13 14 15 16 17 18 19 20 27 | 27.0
Necromancy     | 4 7 |  7.2
Charms         | 4 6 14 | 14.4
Translocations | 27 | 27.0
Spellcasting   | 15 | 15.3
Summonings     | 12 | 12.7
Air Magic      | 22 | 22.8
Evocations     | 27 | 27.0
Hexes          | 8 |  8.9
Unarmed Combat | 6 |  6.6

Action                   |  1- 3 |  4- 6 |  7- 9 | 10-12 | 13-15 | 16-18 | 19-21 | 22-24 | 25-27 || total
-------------------------+-------+-------+-------+-------+-------+-------+-------+-------+-------++-------
Melee: Trident           |    79 |   120 |       |       |    67 |   237 |   128 |       |       ||   631
       Headbutt          |     8 |    10 |    28 |   111 |   284 |   353 |   435 |   541 |  5165 ||  6935
       War axe           |       |    11 |   156 |    55 |       |       |       |       |       ||   222
       Battleaxe         |       |       |     6 |   419 |  1016 |  1012 |   717 |       |       ||  3170
       Punch             |       |       |       |       |       |     1 |     2 |       |       ||     3
       Broad axe         |       |       |       |       |       |       |   578 |  1470 | 14037 || 16085
       Demon trident     |       |       |       |       |       |       |       |    28 |       ||    28
       Lance             |       |       |       |       |       |       |       |       |   117 ||   117
       Trishula          |       |       |       |       |       |       |       |       |    97 ||    97
       Bite              |       |       |       |       |       |       |       |       |    39 ||    39
 Cast: Shroud of Golubri |       |       |       |       |       |       |       |       |    60 ||    60
       Song of Slaying   |       |       |       |       |       |       |       |       |    59 ||    59
       Swiftness         |       |       |       |       |       |       |       |       |    54 ||    54
       Haste             |       |       |       |       |       |       |       |       |    26 ||    26
       Controlled Blink  |       |       |       |       |       |       |       |       |    23 ||    23
       Aura of Abjuratio |       |       |       |       |       |       |       |       |    15 ||    15
       Spectral Weapon   |       |       |       |       |       |       |       |       |    14 ||    14
       Blink             |       |       |       |       |       |       |       |       |     9 ||     9
       Deflect Missiles  |       |       |       |       |       |       |       |       |     6 ||     6
       Apportation       |       |       |       |       |       |       |       |       |     1 ||     1
       Airstrike         |       |       |       |       |       |       |       |       |     1 ||     1
       Summon Butterflie |       |       |       |       |       |       |       |       |     1 ||     1
Invok: Heroism           |       |       |       |     2 |     5 |    10 |     6 |     4 |     2 ||    29
       Finesse           |       |       |       |       |     5 |     7 |     5 |     4 |     2 ||    23
       Cleansing Flame   |       |       |       |       |       |       |       |       |   130 ||   130
       Divine Shield     |       |       |       |       |       |       |       |       |   109 ||   109
       Summon Divine War |       |       |       |       |       |       |       |       |    83 ||    83
       Brand Weapon With |       |       |       |       |       |       |       |       |     1 ||     1
 Abil: Evoke Flight      |       |       |       |       |       |       |       |       |     1 ||     1
Evoke: Wand              |       |       |       |     1 |       |       |     6 |       |    49 ||    56
       Deck              |       |       |       |       |       |       |       |       |    21 ||    21
       Figurine of a zig |       |       |       |       |       |       |       |       |     2 ||     2
       Rod               |       |       |       |       |       |       |       |       |     1 ||     1
       Disc of storms    |       |       |       |       |       |       |       |       |     1 ||     1
  Use: Scroll            |       |       |     7 |     5 |    15 |     8 |    18 |    19 |   165 ||   237
       Potion            |       |       |       |     9 |     4 |     6 |     1 |       |   117 ||   137
 Stab: Distracted        |     1 |       |       |       |       |     1 |       |     2 |     4 ||     8
       Sleeping          |       |       |     8 |       |       |       |       |       |       ||     8
       Petrifying        |       |       |       |       |     2 |       |     3 |       |     1 ||     6
       Confused          |       |       |       |       |       |     1 |       |       |     6 ||     7
       Petrified         |       |       |       |       |       |       |     2 |       |     3 ||     5
  Eat: Chunk             |       |     4 |    17 |    15 |    28 |    24 |    16 |    53 |    42 ||   199
       Pizza             |       |     1 |       |     1 |       |     3 |       |       |    10 ||    15
       Beef jerky        |       |       |     1 |     2 |       |     6 |       |     2 |     6 ||    17
       Fruit             |       |       |     1 |       |     8 |     7 |       |       |    29 ||    45
       Royal jelly       |       |       |       |     1 |       |     2 |     4 |     1 |    28 ||    36
       Meat ration       |       |       |       |     1 |       |       |     1 |       |    21 ||    23
       Bread ration      |       |       |       |       |       |       |       |       |    15 ||    15
Armor: Scale mail        |    27 |    37 |       |       |       |       |       |       |       ||    64
       Ring mail         |       |     6 |    44 |       |       |       |       |       |       ||    50
       Chain mail        |       |       |     2 |   302 |   163 |       |       |       |       ||   467
       Crystal plate arm |       |       |       |       |   416 |   851 |   404 |       |       ||  1671
       Skin              |       |       |       |       |     1 |       |       |       |       ||     1
       Pearl dragon armo |       |       |       |       |       |       |   102 |   147 |  1862 ||  2111
Dodge: Dodged            |    17 |    27 |    40 |   313 |   645 |   671 |   640 |   433 |  5296 ||  8082
       Deflected         |       |       |       |       |       |       |       |       |    50 ||    50
Block: Shield            |    34 |    47 |    63 |       |       |       |   197 |   747 |  4972 ||  6060
       Other             |       |       |       |       |   213 |   244 |   124 |       |       ||   581
       Reflection        |       |       |       |       |     5 |    20 |    14 |   105 |   286 ||   430
       Large shield      |       |       |       |       |       |       |       |       |  8194 ||  8194
